%YAML 1.1
%TAG !u! tag:unity3d.com,2011:
--- !u!114 &11400000
MonoBehaviour:
  m_ObjectHideFlags: 0
  m_CorrespondingSourceObject: {fileID: 0}
  m_PrefabInstance: {fileID: 0}
  m_PrefabAsset: {fileID: 0}
  m_GameObject: {fileID: 0}
  m_Enabled: 1
  m_EditorHideFlags: 0
  m_Script: {fileID: 11500000, guid: 15f0118ce50c1894487d3c82fab5e80a, type: 3}
  m_Name: "O101 - V\xFDchod z maringotky"
  m_EditorClassIdentifier: 
  nodes:
  - {fileID: 114019852435085876}
  - {fileID: 114345110136728642}
  - {fileID: 114709684784941436}
  - {fileID: 114955102495870970}
  - {fileID: 114972678368099116}
  - {fileID: 114106853492567542}
  - {fileID: 114178416909891332}
  - {fileID: 114345823868909474}
  - {fileID: 114350439297676508}
  - {fileID: 114889822162487222}
  - {fileID: 114633856005282356}
  - {fileID: 114467400175817844}
  - {fileID: 114548919566885226}
  - {fileID: 114145723518035492}
  - {fileID: 114763704493759842}
  - {fileID: 114691053823494006}
  - {fileID: 114434302336552280}
  - {fileID: 114906186476992136}
  - {fileID: 114348940979514468}
  - {fileID: 114142086102585202}
  connections:
  - {fileID: 114113798104441596}
  - {fileID: 114104884449408788}
  - {fileID: 114799315262206928}
  - {fileID: 114382649887326778}
  - {fileID: 114823296269185018}
  - {fileID: 114047908642753304}
  - {fileID: 114215125723132632}
  - {fileID: 114116568231411418}
  - {fileID: 114106159206804206}
  - {fileID: 114982233238785548}
  - {fileID: 114152250466307814}
  - {fileID: 114434884815150872}
  - {fileID: 114971783168728708}
  - {fileID: 114369308174001538}
  - {fileID: 114484321765460534}
  - {fileID: 114898958742126086}
  - {fileID: 114733430603756574}
  - {fileID: 114256709884668494}
  - {fileID: 114513042722330694}
  - {fileID: 114120557716327412}
  - {fileID: 114064032678828046}
  - {fileID: 114283627729650420}
  - {fileID: 114623098463164694}
  i: 32
  corruptionReport: 
--- !u!114 &114006223858782682
MonoBehaviour:
  m_ObjectHideFlags: 0
  m_CorrespondingSourceObject: {fileID: 0}
  m_PrefabInstance: {fileID: 0}
  m_PrefabAsset: {fileID: 0}
  m_GameObject: {fileID: 0}
  m_Enabled: 1
  m_EditorHideFlags: 0
  m_Script: {fileID: 11500000, guid: 92897b83d3ac44d4fb3722cc5d2189d2, type: 3}
  m_Name: "O101 - V\xFDchod z maringotky-R-4-outPort"
  m_EditorClassIdentifier: 
  Direction: 1
  attachedToNode: {fileID: 114345110136728642}
  centerInAbsolute: {x: 591.70905, y: 614.42114}
  connections:
  - {fileID: 114064032678828046}
  buttonRectInRelative:
    serializedVersion: 2
    x: 238
    y: 25
    width: 12
    height: 12
--- !u!114 &114019852435085876
MonoBehaviour:
  m_ObjectHideFlags: 0
  m_CorrespondingSourceObject: {fileID: 0}
  m_PrefabInstance: {fileID: 0}
  m_PrefabAsset: {fileID: 0}
  m_GameObject: {fileID: 0}
  m_Enabled: 1
  m_EditorHideFlags: 0
  m_Script: {fileID: 11500000, guid: a369827a53a8b544fac030b468de9f7b, type: 3}
  m_Name: "O101 - V\xFDchod z maringotky-R-3"
  m_EditorClassIdentifier: 
  uniqueId: "O101 - V\xFDchod z maringotky-R-3"
  nameWithinDialog: R-3
  parentGraph: {fileID: 11400000}
  inPort: {fileID: 114481075937104616}
  outPorts:
  - {fileID: 114890735057367980}
  pointsTo: []
  position: {x: 0, y: 0}
  rect:
    serializedVersion: 2
    x: 336.4981
    y: 727.7898
    width: 250
    height: 150
  isDragged: 0
  isSelected: 0
  nodeNameRect:
    serializedVersion: 2
    x: 15
    y: 10
    width: 146
    height: 30
  corruptionReport: 
  speaker: {fileID: 11400000, guid: bd4269cbd9a00b64fa93d3034e3bb339, type: 2}
  replicAudio: {fileID: 0}
  scroll: {x: 0, y: 0}
  currentLang: 0
  translation:
    cs: "Venku je chladno. M\u011Bl bych se obl\xE9knout."
    en: 
--- !u!114 &114025456663059636
MonoBehaviour:
  m_ObjectHideFlags: 0
  m_CorrespondingSourceObject: {fileID: 0}
  m_PrefabInstance: {fileID: 0}
  m_PrefabAsset: {fileID: 0}
  m_GameObject: {fileID: 0}
  m_Enabled: 1
  m_EditorHideFlags: 0
  m_Script: {fileID: 11500000, guid: 389080019c8a889408955a7fcb20050c, type: 3}
  m_Name: "O101 - V\xFDchod z maringotky-MO-10-DO0"
  m_EditorClassIdentifier: 
  indexWithinMultiOption: 0
  translation:
    cs: 
    en: 
  currentLang: 0
  isOriginalyActive: 1
  isCurrentlyActive: 1
  isVisited: 0
--- !u!114 &114044810456881972
MonoBehaviour:
  m_ObjectHideFlags: 0
  m_CorrespondingSourceObject: {fileID: 0}
  m_PrefabInstance: {fileID: 0}
  m_PrefabAsset: {fileID: 0}
  m_GameObject: {fileID: 0}
  m_Enabled: 1
  m_EditorHideFlags: 0
  m_Script: {fileID: 11500000, guid: 92897b83d3ac44d4fb3722cc5d2189d2, type: 3}
  m_Name: "O101 - V\xFDchod z maringotky-C-12-outPort1"
  m_EditorClassIdentifier: 
  Direction: 1
  attachedToNode: {fileID: 114178416909891332}
  centerInAbsolute: {x: 648.7996, y: 435.055}
  connections:
  - {fileID: 114106159206804206}
  buttonRectInRelative:
    serializedVersion: 2
    x: 288
    y: 99.065
    width: 12
    height: 12
--- !u!114 &114047908642753304
MonoBehaviour:
  m_ObjectHideFlags: 0
  m_CorrespondingSourceObject: {fileID: 0}
  m_PrefabInstance: {fileID: 0}
  m_PrefabAsset: {fileID: 0}
  m_GameObject: {fileID: 0}
  m_Enabled: 1
  m_EditorHideFlags: 0
  m_Script: {fileID: 11500000, guid: c83906d02ff79e44a87686bb3e9d622c, type: 3}
  m_Name: "O101 - V\xFDchod z maringotky-C-9 -- O101 - V\xFDchod z maringotky-R-21"
  m_EditorClassIdentifier: 
  inPort: {fileID: 114323705275988090}
  outPort: {fileID: 114812930309017338}
--- !u!114 &114053394782787864
MonoBehaviour:
  m_ObjectHideFlags: 0
  m_CorrespondingSourceObject: {fileID: 0}
  m_PrefabInstance: {fileID: 0}
  m_PrefabAsset: {fileID: 0}
  m_GameObject: {fileID: 0}
  m_Enabled: 1
  m_EditorHideFlags: 0
  m_Script: {fileID: 11500000, guid: 20b5064632769b640943e81336d488d2, type: 3}
  m_Name: "O101 - V\xFDchod z maringotky-T-30-T"
  m_EditorClassIdentifier: 
  type: {fileID: 11400000, guid: 526a4a47f83421142b851e4f319ae914, type: 2}
  variable: {fileID: 0}
  intParam: -1
  entryPoint: {fileID: 0}
  stringParam: 
  boolParam: 0
  character: {fileID: 0}
  floatParam: 1
  stringOptions: []
--- !u!114 &114064032678828046
MonoBehaviour:
  m_ObjectHideFlags: 0
  m_CorrespondingSourceObject: {fileID: 0}
  m_PrefabInstance: {fileID: 0}
  m_PrefabAsset: {fileID: 0}
  m_GameObject: {fileID: 0}
  m_Enabled: 1
  m_EditorHideFlags: 0
  m_Script: {fileID: 11500000, guid: c83906d02ff79e44a87686bb3e9d622c, type: 3}
  m_Name: "O101 - V\xFDchod z maringotky-R-4 -- O101 - V\xFDchod z maringotky-T-31"
  m_EditorClassIdentifier: 
  inPort: {fileID: 114006223858782682}
  outPort: {fileID: 114685958071325814}
--- !u!114 &114066299677408442
MonoBehaviour:
  m_ObjectHideFlags: 0
  m_CorrespondingSourceObject: {fileID: 0}
  m_PrefabInstance: {fileID: 0}
  m_PrefabAsset: {fileID: 0}
  m_GameObject: {fileID: 0}
  m_Enabled: 1
  m_EditorHideFlags: 0
  m_Script: {fileID: 11500000, guid: 92897b83d3ac44d4fb3722cc5d2189d2, type: 3}
  m_Name: "O101 - V\xFDchod z maringotky-R-14-inPort"
  m_EditorClassIdentifier: 
  Direction: 0
  attachedToNode: {fileID: 114345823868909474}
  centerInAbsolute: {x: 1085.406, y: 282.25}
  connections:
  - {fileID: 114823296269185018}
  buttonRectInRelative:
    serializedVersion: 2
    x: 0
    y: 25
    width: 12
    height: 12
--- !u!114 &114070410580802538
MonoBehaviour:
  m_ObjectHideFlags: 0
  m_CorrespondingSourceObject: {fileID: 0}
  m_PrefabInstance: {fileID: 0}
  m_PrefabAsset: {fileID: 0}
  m_GameObject: {fileID: 0}
  m_Enabled: 1
  m_EditorHideFlags: 0
  m_Script: {fileID: 11500000, guid: 92897b83d3ac44d4fb3722cc5d2189d2, type: 3}
  m_Name: "O101 - V\xFDchod z maringotky-C-11-inPort"
  m_EditorClassIdentifier: 
  Direction: 0
  attachedToNode: {fileID: 114106853492567542}
  centerInAbsolute: {x: -1.2119141, y: 359.07}
  connections:
  - {fileID: 114971783168728708}
  buttonRectInRelative:
    serializedVersion: 2
    x: 0
    y: 25
    width: 12
    height: 12
--- !u!114 &114104884449408788
MonoBehaviour:
  m_ObjectHideFlags: 0
  m_CorrespondingSourceObject: {fileID: 0}
  m_PrefabInstance: {fileID: 0}
  m_PrefabAsset: {fileID: 0}
  m_GameObject: {fileID: 0}
  m_Enabled: 1
  m_EditorHideFlags: 0
  m_Script: {fileID: 11500000, guid: c83906d02ff79e44a87686bb3e9d622c, type: 3}
  m_Name: "O101 - V\xFDchod z maringotky-C-11 -- O101 - V\xFDchod z maringotky-R-3"
  m_EditorClassIdentifier: 
  inPort: {fileID: 114256502137664324}
  outPort: {fileID: 114481075937104616}
--- !u!114 &114106159206804206
MonoBehaviour:
  m_ObjectHideFlags: 0
  m_CorrespondingSourceObject: {fileID: 0}
  m_PrefabInstance: {fileID: 0}
  m_PrefabAsset: {fileID: 0}
  m_GameObject: {fileID: 0}
  m_Enabled: 1
  m_EditorHideFlags: 0
  m_Script: {fileID: 11500000, guid: c83906d02ff79e44a87686bb3e9d622c, type: 3}
  m_Name: "O101 - V\xFDchod z maringotky-C-12 -- O101 - V\xFDchod z maringotky-C-25"
  m_EditorClassIdentifier: 
  inPort: {fileID: 114044810456881972}
  outPort: {fileID: 114166307543629842}
--- !u!114 &114106853492567542
MonoBehaviour:
  m_ObjectHideFlags: 0
  m_CorrespondingSourceObject: {fileID: 0}
  m_PrefabInstance: {fileID: 0}
  m_PrefabAsset: {fileID: 0}
  m_GameObject: {fileID: 0}
  m_Enabled: 1
  m_EditorHideFlags: 0
  m_Script: {fileID: 11500000, guid: 860fc58fc0d75da4397f3a83723aa0d9, type: 3}
  m_Name: "O101 - V\xFDchod z maringotky-C-11"
  m_EditorClassIdentifier: 
  uniqueId: "O101 - V\xFDchod z maringotky-C-11"
  nameWithinDialog: C-11
  parentGraph: {fileID: 11400000}
  inPort: {fileID: 114070410580802538}
  outPorts:
  - {fileID: 114316423879994658}
  - {fileID: 114256502137664324}
  pointsTo: []
  position: {x: 0, y: 0}
  rect:
    serializedVersion: 2
    x: -7.211914
    y: 328.07
    width: 300
    height: 150
  isDragged: 0
  isSelected: 0
  nodeNameRect:
    serializedVersion: 2
    x: 15
    y: 10
    width: 180
    height: 30
  corruptionReport: 
  condition: {fileID: 114481120781406306}
--- !u!114 &114113798104441596
MonoBehaviour:
  m_ObjectHideFlags: 0
  m_CorrespondingSourceObject: {fileID: 0}
  m_PrefabInstance: {fileID: 0}
  m_PrefabAsset: {fileID: 0}
  m_GameObject: {fileID: 0}
  m_Enabled: 1
  m_EditorHideFlags: 0
  m_Script: {fileID: 11500000, guid: c83906d02ff79e44a87686bb3e9d622c, type: 3}
  m_Name: "O101 - V\xFDchod z maringotky-C-11 -- O101 - V\xFDchod z maringotky-R-4"
  m_EditorClassIdentifier: 
  inPort: {fileID: 114256502137664324}
  outPort: {fileID: 114240611536422140}
--- !u!114 &114116568231411418
MonoBehaviour:
  m_ObjectHideFlags: 0
  m_CorrespondingSourceObject: {fileID: 0}
  m_PrefabInstance: {fileID: 0}
  m_PrefabAsset: {fileID: 0}
  m_GameObject: {fileID: 0}
  m_Enabled: 1
  m_EditorHideFlags: 0
  m_Script: {fileID: 11500000, guid: c83906d02ff79e44a87686bb3e9d622c, type: 3}
  m_Name: "O101 - V\xFDchod z maringotky-C-11 -- O101 - V\xFDchod z maringotky-C-12"
  m_EditorClassIdentifier: 
  inPort: {fileID: 114316423879994658}
  outPort: {fileID: 114859322604844828}
--- !u!114 &114120222076310482
MonoBehaviour:
  m_ObjectHideFlags: 0
  m_CorrespondingSourceObject: {fileID: 0}
  m_PrefabInstance: {fileID: 0}
  m_PrefabAsset: {fileID: 0}
  m_GameObject: {fileID: 0}
  m_Enabled: 1
  m_EditorHideFlags: 0
  m_Script: {fileID: 11500000, guid: 92897b83d3ac44d4fb3722cc5d2189d2, type: 3}
  m_Name: "O101 - V\xFDchod z maringotky-T-24-outPort"
  m_EditorClassIdentifier: 
  Direction: 1
  attachedToNode: {fileID: 114548919566885226}
  centerInAbsolute: {x: 284.8684, y: 788.2488}
  connections: []
  buttonRectInRelative:
    serializedVersion: 2
    x: 288
    y: 25
    width: 12
    height: 12
--- !u!114 &114120557716327412
MonoBehaviour:
  m_ObjectHideFlags: 0
  m_CorrespondingSourceObject: {fileID: 0}
  m_PrefabInstance: {fileID: 0}
  m_PrefabAsset: {fileID: 0}
  m_GameObject: {fileID: 0}
  m_Enabled: 1
  m_EditorHideFlags: 0
  m_Script: {fileID: 11500000, guid: c83906d02ff79e44a87686bb3e9d622c, type: 3}
  m_Name: "O101 - V\xFDchod z maringotky-R-22 -- O101 - V\xFDchod z maringotky-T-31"
  m_EditorClassIdentifier: 
  inPort: {fileID: 114536952743455334}
  outPort: {fileID: 114685958071325814}
--- !u!114 &114142086102585202
MonoBehaviour:
  m_ObjectHideFlags: 0
  m_CorrespondingSourceObject: {fileID: 0}
  m_PrefabInstance: {fileID: 0}
  m_PrefabAsset: {fileID: 0}
  m_GameObject: {fileID: 0}
  m_Enabled: 1
  m_EditorHideFlags: 0
  m_Script: {fileID: 11500000, guid: 5ab8e39e5de1e8146b9d50b8568d7681, type: 3}
  m_Name: "O101 - V\xFDchod z maringotky-T-31"
  m_EditorClassIdentifier: 
  uniqueId: "O101 - V\xFDchod z maringotky-T-31"
  nameWithinDialog: T-31
  parentGraph: {fileID: 11400000}
  inPort: {fileID: 114685958071325814}
  outPorts:
  - {fileID: 114999176751042504}
  pointsTo: []
  position: {x: 0, y: 0}
  rect:
    serializedVersion: 2
    x: 1400.3687
    y: 1072.0002
    width: 300
    height: 200
  isDragged: 0
  isSelected: 0
  nodeNameRect:
    serializedVersion: 2
    x: 15
    y: 10
    width: 180
    height: 30
  corruptionReport: 
  triggers:
  - {fileID: 114849236719610000}
  triggerMultiOptionIndex: 0
--- !u!114 &114145723518035492
MonoBehaviour:
  m_ObjectHideFlags: 0
  m_CorrespondingSourceObject: {fileID: 0}
  m_PrefabInstance: {fileID: 0}
  m_PrefabAsset: {fileID: 0}
  m_GameObject: {fileID: 0}
  m_Enabled: 1
  m_EditorHideFlags: 0
  m_Script: {fileID: 11500000, guid: 860fc58fc0d75da4397f3a83723aa0d9, type: 3}
  m_Name: "O101 - V\xFDchod z maringotky-C-25"
  m_EditorClassIdentifier: 
  uniqueId: "O101 - V\xFDchod z maringotky-C-25"
  nameWithinDialog: C-25
  parentGraph: {fileID: 11400000}
  inPort: {fileID: 114166307543629842}
  outPorts:
  - {fileID: 114163337098950784}
  - {fileID: 114862550822487942}
  pointsTo: []
  position: {x: 0, y: 0}
  rect:
    serializedVersion: 2
    x: 594.2292
    y: 505.67987
    width: 300
    height: 150
  isDragged: 0
  isSelected: 0
  nodeNameRect:
    serializedVersion: 2
    x: 15
    y: 10
    width: 180
    height: 30
  corruptionReport: 
  condition: {fileID: 114375493678107764}
--- !u!114 &114152250466307814
MonoBehaviour:
  m_ObjectHideFlags: 0
  m_CorrespondingSourceObject: {fileID: 0}
  m_PrefabInstance: {fileID: 0}
  m_PrefabAsset: {fileID: 0}
  m_GameObject: {fileID: 0}
  m_Enabled: 1
  m_EditorHideFlags: 0
  m_Script: {fileID: 11500000, guid: c83906d02ff79e44a87686bb3e9d622c, type: 3}
  m_Name: "O101 - V\xFDchod z maringotky-C-25 -- O101 - V\xFDchod z maringotky-R-26"
  m_EditorClassIdentifier: 
  inPort: {fileID: 114163337098950784}
  outPort: {fileID: 114645724546143564}
--- !u!114 &114161149766587228
MonoBehaviour:
  m_ObjectHideFlags: 0
  m_CorrespondingSourceObject: {fileID: 0}
  m_PrefabInstance: {fileID: 0}
  m_PrefabAsset: {fileID: 0}
  m_GameObject: {fileID: 0}
  m_Enabled: 1
  m_EditorHideFlags: 0
  m_Script: {fileID: 11500000, guid: 20b5064632769b640943e81336d488d2, type: 3}
  m_Name: "O101 - V\xFDchod z maringotky-T-29-T"
  m_EditorClassIdentifier: 
  type: {fileID: 11400000, guid: 8620208169d7ff043810ff7052035c19, type: 2}
  variable: {fileID: 11400000, guid: 59b9b7b5ff299a84fa66a41dee125d04, type: 2}
  intParam: -1
  entryPoint: {fileID: 0}
  stringParam: 
  boolParam: 0
  character: {fileID: 0}
  floatParam: 0
  stringOptions: []
--- !u!114 &114163337098950784
MonoBehaviour:
  m_ObjectHideFlags: 0
  m_CorrespondingSourceObject: {fileID: 0}
  m_PrefabInstance: {fileID: 0}
  m_PrefabAsset: {fileID: 0}
  m_GameObject: {fileID: 0}
  m_Enabled: 1
  m_EditorHideFlags: 0
  m_Script: {fileID: 11500000, guid: 92897b83d3ac44d4fb3722cc5d2189d2, type: 3}
  m_Name: "O101 - V\xFDchod z maringotky-C-25-outPort0"
  m_EditorClassIdentifier: 
  Direction: 1
  attachedToNode: {fileID: 114145723518035492}
  centerInAbsolute: {x: 888.2292, y: 588.7449}
  connections:
  - {fileID: 114152250466307814}
  buttonRectInRelative:
    serializedVersion: 2
    x: 288
    y: 77.065
    width: 12
    height: 12
--- !u!114 &114166307543629842
MonoBehaviour:
  m_ObjectHideFlags: 0
  m_CorrespondingSourceObject: {fileID: 0}
  m_PrefabInstance: {fileID: 0}
  m_PrefabAsset: {fileID: 0}
  m_GameObject: {fileID: 0}
  m_Enabled: 1
  m_EditorHideFlags: 0
  m_Script: {fileID: 11500000, guid: 92897b83d3ac44d4fb3722cc5d2189d2, type: 3}
  m_Name: "O101 - V\xFDchod z maringotky-C-25-inPort"
  m_EditorClassIdentifier: 
  Direction: 0
  attachedToNode: {fileID: 114145723518035492}
  centerInAbsolute: {x: 600.2292, y: 536.6799}
  connections:
  - {fileID: 114106159206804206}
  buttonRectInRelative:
    serializedVersion: 2
    x: 0
    y: 25
    width: 12
    height: 12
--- !u!114 &114178416909891332
MonoBehaviour:
  m_ObjectHideFlags: 0
  m_CorrespondingSourceObject: {fileID: 0}
  m_PrefabInstance: {fileID: 0}
  m_PrefabAsset: {fileID: 0}
  m_GameObject: {fileID: 0}
  m_Enabled: 1
  m_EditorHideFlags: 0
  m_Script: {fileID: 11500000, guid: 860fc58fc0d75da4397f3a83723aa0d9, type: 3}
  m_Name: "O101 - V\xFDchod z maringotky-C-12"
  m_EditorClassIdentifier: 
  uniqueId: "O101 - V\xFDchod z maringotky-C-12"
  nameWithinDialog: C-12
  parentGraph: {fileID: 11400000}
  inPort: {fileID: 114859322604844828}
  outPorts:
  - {fileID: 114757947110654274}
  - {fileID: 114044810456881972}
  pointsTo: []
  position: {x: 0, y: 0}
  rect:
    serializedVersion: 2
    x: 354.79962
    y: 329.99
    width: 300
    height: 150
  isDragged: 0
  isSelected: 0
  nodeNameRect:
    serializedVersion: 2
    x: 15
    y: 10
    width: 180
    height: 30
  corruptionReport: 
  condition: {fileID: 114450821257292388}
--- !u!114 &114195791184487856
MonoBehaviour:
  m_ObjectHideFlags: 0
  m_CorrespondingSourceObject: {fileID: 0}
  m_PrefabInstance: {fileID: 0}
  m_PrefabAsset: {fileID: 0}
  m_GameObject: {fileID: 0}
  m_Enabled: 1
  m_EditorHideFlags: 0
  m_Script: {fileID: 11500000, guid: 20b5064632769b640943e81336d488d2, type: 3}
  m_Name: "O101 - V\xFDchod z maringotky-T-24-T"
  m_EditorClassIdentifier: 
  type: {fileID: 11400000, guid: 5e6d783cd5b36184791ee4a2cd2da28e, type: 2}
  variable: {fileID: 11400000, guid: 74a38efc8e2965f49a6c45bb05644307, type: 2}
  intParam: 3
  entryPoint: {fileID: 0}
  stringParam: 
  boolParam: 0
  character: {fileID: 11400000, guid: f1ac703ea02cd25498f98237aeb719ac, type: 2}
  floatParam: 0
  stringOptions:
  - closed
  - open
  - opened
  - closing
--- !u!114 &114215125723132632
MonoBehaviour:
  m_ObjectHideFlags: 0
  m_CorrespondingSourceObject: {fileID: 0}
  m_PrefabInstance: {fileID: 0}
  m_PrefabAsset: {fileID: 0}
  m_GameObject: {fileID: 0}
  m_Enabled: 1
  m_EditorHideFlags: 0
  m_Script: {fileID: 11500000, guid: c83906d02ff79e44a87686bb3e9d622c, type: 3}
  m_Name: "O101 - V\xFDchod z maringotky-R-14 -- O101 - V\xFDchod z maringotky-T-15"
  m_EditorClassIdentifier: 
  inPort: {fileID: 114548482982501062}
  outPort: {fileID: 114985324807583860}
--- !u!114 &114231587823675158
MonoBehaviour:
  m_ObjectHideFlags: 0
  m_CorrespondingSourceObject: {fileID: 0}
  m_PrefabInstance: {fileID: 0}
  m_PrefabAsset: {fileID: 0}
  m_GameObject: {fileID: 0}
  m_Enabled: 1
  m_EditorHideFlags: 0
  m_Script: {fileID: 11500000, guid: 92897b83d3ac44d4fb3722cc5d2189d2, type: 3}
  m_Name: "O101 - V\xFDchod z maringotky-C-9-outPort0"
  m_EditorClassIdentifier: 
  Direction: 1
  attachedToNode: {fileID: 114972678368099116}
  centerInAbsolute: {x: 1000.3483, y: 357.1851}
  connections:
  - {fileID: 114823296269185018}
  buttonRectInRelative:
    serializedVersion: 2
    x: 288
    y: 77.065
    width: 12
    height: 12
--- !u!114 &114236839929480772
MonoBehaviour:
  m_ObjectHideFlags: 0
  m_CorrespondingSourceObject: {fileID: 0}
  m_PrefabInstance: {fileID: 0}
  m_PrefabAsset: {fileID: 0}
  m_GameObject: {fileID: 0}
  m_Enabled: 1
  m_EditorHideFlags: 0
  m_Script: {fileID: 11500000, guid: 181e8b17fb3baf040b6aeb659b7c5cee, type: 3}
  m_Name: "O101 - V\xFDchod z maringotky-C-9-C"
  m_EditorClassIdentifier: 
  type: {fileID: 11400000, guid: b9c45b5bb868b004ea96bad761aa5b86, type: 2}
  variable: {fileID: 11400000, guid: d445a9c05007b624d9cf12b6543efd01, type: 2}
  intParam: -1
  character: {fileID: 0}
  stringOptions: []
--- !u!114 &114240611536422140
MonoBehaviour:
  m_ObjectHideFlags: 0
  m_CorrespondingSourceObject: {fileID: 0}
  m_PrefabInstance: {fileID: 0}
  m_PrefabAsset: {fileID: 0}
  m_GameObject: {fileID: 0}
  m_Enabled: 1
  m_EditorHideFlags: 0
  m_Script: {fileID: 11500000, guid: 92897b83d3ac44d4fb3722cc5d2189d2, type: 3}
  m_Name: "O101 - V\xFDchod z maringotky-R-4-inPort"
  m_EditorClassIdentifier: 
  Direction: 0
  attachedToNode: {fileID: 114345110136728642}
  centerInAbsolute: {x: 353.70905, y: 614.42114}
  connections:
  - {fileID: 114113798104441596}
  buttonRectInRelative:
    serializedVersion: 2
    x: 0
    y: 25
    width: 12
    height: 12
--- !u!114 &114256502137664324
MonoBehaviour:
  m_ObjectHideFlags: 0
  m_CorrespondingSourceObject: {fileID: 0}
  m_PrefabInstance: {fileID: 0}
  m_PrefabAsset: {fileID: 0}
  m_GameObject: {fileID: 0}
  m_Enabled: 1
  m_EditorHideFlags: 0
  m_Script: {fileID: 11500000, guid: 92897b83d3ac44d4fb3722cc5d2189d2, type: 3}
  m_Name: "O101 - V\xFDchod z maringotky-C-11-outPort1"
  m_EditorClassIdentifier: 
  Direction: 1
  attachedToNode: {fileID: 114106853492567542}
  centerInAbsolute: {x: 286.7881, y: 433.135}
  connections:
  - {fileID: 114113798104441596}
  - {fileID: 114104884449408788}
  - {fileID: 114799315262206928}
  buttonRectInRelative:
    serializedVersion: 2
    x: 288
    y: 99.065
    width: 12
    height: 12
--- !u!114 &114256709884668494
MonoBehaviour:
  m_ObjectHideFlags: 0
  m_CorrespondingSourceObject: {fileID: 0}
  m_PrefabInstance: {fileID: 0}
  m_PrefabAsset: {fileID: 0}
  m_GameObject: {fileID: 0}
  m_Enabled: 1
  m_EditorHideFlags: 0
  m_Script: {fileID: 11500000, guid: c83906d02ff79e44a87686bb3e9d622c, type: 3}
  m_Name: "O101 - V\xFDchod z maringotky-R-21 -- O101 - V\xFDchod z maringotky-T-31"
  m_EditorClassIdentifier: 
  inPort: {fileID: 114644987253160514}
  outPort: {fileID: 114685958071325814}
--- !u!114 &114283627729650420
MonoBehaviour:
  m_ObjectHideFlags: 0
  m_CorrespondingSourceObject: {fileID: 0}
  m_PrefabInstance: {fileID: 0}
  m_PrefabAsset: {fileID: 0}
  m_GameObject: {fileID: 0}
  m_Enabled: 1
  m_EditorHideFlags: 0
  m_Script: {fileID: 11500000, guid: c83906d02ff79e44a87686bb3e9d622c, type: 3}
  m_Name: "O101 - V\xFDchod z maringotky-R-3 -- O101 - V\xFDchod z maringotky-T-31"
  m_EditorClassIdentifier: 
  inPort: {fileID: 114890735057367980}
  outPort: {fileID: 114685958071325814}
--- !u!114 &114308945032027720
MonoBehaviour:
  m_ObjectHideFlags: 0
  m_CorrespondingSourceObject: {fileID: 0}
  m_PrefabInstance: {fileID: 0}
  m_PrefabAsset: {fileID: 0}
  m_GameObject: {fileID: 0}
  m_Enabled: 1
  m_EditorHideFlags: 0
  m_Script: {fileID: 11500000, guid: 92897b83d3ac44d4fb3722cc5d2189d2, type: 3}
  m_Name: "O101 - V\xFDchod z maringotky-R-26-outPort"
  m_EditorClassIdentifier: 
  Direction: 1
  attachedToNode: {fileID: 114763704493759842}
  centerInAbsolute: {x: 1219.5295, y: 675.6698}
  connections:
  - {fileID: 114513042722330694}
  buttonRectInRelative:
    serializedVersion: 2
    x: 238
    y: 25
    width: 12
    height: 12
--- !u!114 &114313800854509322
MonoBehaviour:
  m_ObjectHideFlags: 0
  m_CorrespondingSourceObject: {fileID: 0}
  m_PrefabInstance: {fileID: 0}
  m_PrefabAsset: {fileID: 0}
  m_GameObject: {fileID: 0}
  m_Enabled: 1
  m_EditorHideFlags: 0
  m_Script: {fileID: 11500000, guid: 20b5064632769b640943e81336d488d2, type: 3}
  m_Name: "O101 - V\xFDchod z maringotky-T-27-T"
  m_EditorClassIdentifier: 
  type: {fileID: 11400000, guid: 5e6d783cd5b36184791ee4a2cd2da28e, type: 2}
  variable: {fileID: 11400000, guid: 74a38efc8e2965f49a6c45bb05644307, type: 2}
  intParam: 1
  entryPoint: {fileID: 0}
  stringParam: 
  boolParam: 0
  character: {fileID: 11400000, guid: f1ac703ea02cd25498f98237aeb719ac, type: 2}
  floatParam: 0
  stringOptions:
  - closed
  - open
  - opened
  - closing
--- !u!114 &114316423879994658
MonoBehaviour:
  m_ObjectHideFlags: 0
  m_CorrespondingSourceObject: {fileID: 0}
  m_PrefabInstance: {fileID: 0}
  m_PrefabAsset: {fileID: 0}
  m_GameObject: {fileID: 0}
  m_Enabled: 1
  m_EditorHideFlags: 0
  m_Script: {fileID: 11500000, guid: 92897b83d3ac44d4fb3722cc5d2189d2, type: 3}
  m_Name: "O101 - V\xFDchod z maringotky-C-11-outPort0"
  m_EditorClassIdentifier: 
  Direction: 1
  attachedToNode: {fileID: 114106853492567542}
  centerInAbsolute: {x: 286.7881, y: 411.135}
  connections:
  - {fileID: 114116568231411418}
  buttonRectInRelative:
    serializedVersion: 2
    x: 288
    y: 77.065
    width: 12
    height: 12
--- !u!114 &114323705275988090
MonoBehaviour:
  m_ObjectHideFlags: 0
  m_CorrespondingSourceObject: {fileID: 0}
  m_PrefabInstance: {fileID: 0}
  m_PrefabAsset: {fileID: 0}
  m_GameObject: {fileID: 0}
  m_Enabled: 1
  m_EditorHideFlags: 0
  m_Script: {fileID: 11500000, guid: 92897b83d3ac44d4fb3722cc5d2189d2, type: 3}
  m_Name: "O101 - V\xFDchod z maringotky-C-9-outPort1"
  m_EditorClassIdentifier: 
  Direction: 1
  attachedToNode: {fileID: 114972678368099116}
  centerInAbsolute: {x: 1000.3483, y: 379.1851}
  connections:
  - {fileID: 114047908642753304}
  buttonRectInRelative:
    serializedVersion: 2
    x: 288
    y: 99.065
    width: 12
    height: 12
--- !u!114 &114345110136728642
MonoBehaviour:
  m_ObjectHideFlags: 0
  m_CorrespondingSourceObject: {fileID: 0}
  m_PrefabInstance: {fileID: 0}
  m_PrefabAsset: {fileID: 0}
  m_GameObject: {fileID: 0}
  m_Enabled: 1
  m_EditorHideFlags: 0
  m_Script: {fileID: 11500000, guid: a369827a53a8b544fac030b468de9f7b, type: 3}
  m_Name: "O101 - V\xFDchod z maringotky-R-4"
  m_EditorClassIdentifier: 
  uniqueId: "O101 - V\xFDchod z maringotky-R-4"
  nameWithinDialog: R-4
  parentGraph: {fileID: 11400000}
  inPort: {fileID: 114240611536422140}
  outPorts:
  - {fileID: 114006223858782682}
  pointsTo: []
  position: {x: 0, y: 0}
  rect:
    serializedVersion: 2
    x: 347.70905
    y: 583.42114
    width: 250
    height: 150
  isDragged: 0
  isSelected: 0
  nodeNameRect:
    serializedVersion: 2
    x: 15
    y: 10
    width: 146
    height: 30
  corruptionReport: 
  speaker: {fileID: 11400000, guid: bd4269cbd9a00b64fa93d3034e3bb339, type: 2}
  replicAudio: {fileID: 0}
  scroll: {x: 0, y: 0}
  currentLang: 0
  translation:
    cs: "Princip\xE1l nem\xE1 r\xE1d, kdy\u017E b\u011Bh\xE1m venku nahat\xFD"
    en: 
--- !u!114 &114345823868909474
MonoBehaviour:
  m_ObjectHideFlags: 0
  m_CorrespondingSourceObject: {fileID: 0}
  m_PrefabInstance: {fileID: 0}
  m_PrefabAsset: {fileID: 0}
  m_GameObject: {fileID: 0}
  m_Enabled: 1
  m_EditorHideFlags: 0
  m_Script: {fileID: 11500000, guid: a369827a53a8b544fac030b468de9f7b, type: 3}
  m_Name: "O101 - V\xFDchod z maringotky-R-14"
  m_EditorClassIdentifier: 
  uniqueId: "O101 - V\xFDchod z maringotky-R-14"
  nameWithinDialog: R-14
  parentGraph: {fileID: 11400000}
  inPort: {fileID: 114066299677408442}
  outPorts:
  - {fileID: 114548482982501062}
  pointsTo: []
  position: {x: 0, y: 0}
  rect:
    serializedVersion: 2
    x: 1079.406
    y: 251.25
    width: 250
    height: 150
  isDragged: 0
  isSelected: 0
  nodeNameRect:
    serializedVersion: 2
    x: 15
    y: 10
    width: 146
    height: 30
  corruptionReport: 
  speaker: {fileID: 11400000, guid: bd4269cbd9a00b64fa93d3034e3bb339, type: 2}
  replicAudio: {fileID: 0}
  scroll: {x: 0, y: 0}
  currentLang: 0
  translation:
    cs: "Te\u010F u\u017E m\xE1m v\u0161echno a m\u016F\u017Eu ven"
    en: 
--- !u!114 &114348940979514468
MonoBehaviour:
  m_ObjectHideFlags: 0
  m_CorrespondingSourceObject: {fileID: 0}
  m_PrefabInstance: {fileID: 0}
  m_PrefabAsset: {fileID: 0}
  m_GameObject: {fileID: 0}
  m_Enabled: 1
  m_EditorHideFlags: 0
  m_Script: {fileID: 11500000, guid: 5ab8e39e5de1e8146b9d50b8568d7681, type: 3}
  m_Name: "O101 - V\xFDchod z maringotky-T-30"
  m_EditorClassIdentifier: 
  uniqueId: "O101 - V\xFDchod z maringotky-T-30"
  nameWithinDialog: T-30
  parentGraph: {fileID: 11400000}
  inPort: {fileID: 114495444266845184}
  outPorts:
  - {fileID: 114642633111370838}
  pointsTo: []
  position: {x: 0, y: 0}
  rect:
    serializedVersion: 2
    x: -388.40186
    y: 770.4287
    width: 300
    height: 275
  isDragged: 0
  isSelected: 0
  nodeNameRect:
    serializedVersion: 2
    x: 15
    y: 10
    width: 180
    height: 30
  corruptionReport: 
  triggers:
  - {fileID: 114735898453665714}
  - {fileID: 114053394782787864}
  triggerMultiOptionIndex: 0
--- !u!114 &114350439297676508
MonoBehaviour:
  m_ObjectHideFlags: 0
  m_CorrespondingSourceObject: {fileID: 0}
  m_PrefabInstance: {fileID: 0}
  m_PrefabAsset: {fileID: 0}
  m_GameObject: {fileID: 0}
  m_Enabled: 1
  m_EditorHideFlags: 0
  m_Script: {fileID: 11500000, guid: 5ab8e39e5de1e8146b9d50b8568d7681, type: 3}
  m_Name: "O101 - V\xFDchod z maringotky-T-15"
  m_EditorClassIdentifier: 
  uniqueId: "O101 - V\xFDchod z maringotky-T-15"
  nameWithinDialog: T-15
  parentGraph: {fileID: 11400000}
  inPort: {fileID: 114985324807583860}
  outPorts:
  - {fileID: 114408083327387516}
  pointsTo: []
  position: {x: 0, y: 0}
  rect:
    serializedVersion: 2
    x: 1392.0703
    y: 92.099976
    width: 300
    height: 725
  isDragged: 0
  isSelected: 0
  nodeNameRect:
    serializedVersion: 2
    x: 15
    y: 10
    width: 180
    height: 30
  corruptionReport: 
  triggers:
  - {fileID: 114541086942322162}
  - {fileID: 114974415010616840}
  - {fileID: 114618748899500676}
  - {fileID: 114666477239630782}
  - {fileID: 114496647785839168}
  triggerMultiOptionIndex: 0
--- !u!114 &114369308174001538
MonoBehaviour:
  m_ObjectHideFlags: 0
  m_CorrespondingSourceObject: {fileID: 0}
  m_PrefabInstance: {fileID: 0}
  m_PrefabAsset: {fileID: 0}
  m_GameObject: {fileID: 0}
  m_Enabled: 1
  m_EditorHideFlags: 0
  m_Script: {fileID: 11500000, guid: c83906d02ff79e44a87686bb3e9d622c, type: 3}
  m_Name: "O101 - V\xFDchod z maringotky-T-15 -- O101 - V\xFDchod z maringotky-T-28"
  m_EditorClassIdentifier: 
  inPort: {fileID: 114408083327387516}
  outPort: {fileID: 114852628185103454}
--- !u!114 &114375493678107764
MonoBehaviour:
  m_ObjectHideFlags: 0
  m_CorrespondingSourceObject: {fileID: 0}
  m_PrefabInstance: {fileID: 0}
  m_PrefabAsset: {fileID: 0}
  m_GameObject: {fileID: 0}
  m_Enabled: 1
  m_EditorHideFlags: 0
  m_Script: {fileID: 11500000, guid: 181e8b17fb3baf040b6aeb659b7c5cee, type: 3}
  m_Name: "O101 - V\xFDchod z maringotky-C-25-C"
  m_EditorClassIdentifier: 
  type: {fileID: 11400000, guid: b9c45b5bb868b004ea96bad761aa5b86, type: 2}
  variable: {fileID: 11400000, guid: 9554891a7586fac4c970e613eea140b6, type: 2}
  intParam: -1
  character: {fileID: 0}
  stringOptions: []
--- !u!114 &114378758988978216
MonoBehaviour:
  m_ObjectHideFlags: 0
  m_CorrespondingSourceObject: {fileID: 0}
  m_PrefabInstance: {fileID: 0}
  m_PrefabAsset: {fileID: 0}
  m_GameObject: {fileID: 0}
  m_Enabled: 1
  m_EditorHideFlags: 0
  m_Script: {fileID: 11500000, guid: 92897b83d3ac44d4fb3722cc5d2189d2, type: 3}
  m_Name: "O101 - V\xFDchod z maringotky-C-9-inPort"
  m_EditorClassIdentifier: 
  Direction: 0
  attachedToNode: {fileID: 114972678368099116}
  centerInAbsolute: {x: 712.3483, y: 305.1201}
  connections:
  - {fileID: 114382649887326778}
  buttonRectInRelative:
    serializedVersion: 2
    x: 0
    y: 25
    width: 12
    height: 12
--- !u!114 &114382649887326778
MonoBehaviour:
  m_ObjectHideFlags: 0
  m_CorrespondingSourceObject: {fileID: 0}
  m_PrefabInstance: {fileID: 0}
  m_PrefabAsset: {fileID: 0}
  m_GameObject: {fileID: 0}
  m_Enabled: 1
  m_EditorHideFlags: 0
  m_Script: {fileID: 11500000, guid: c83906d02ff79e44a87686bb3e9d622c, type: 3}
  m_Name: "O101 - V\xFDchod z maringotky-C-12 -- O101 - V\xFDchod z maringotky-C-9"
  m_EditorClassIdentifier: 
  inPort: {fileID: 114757947110654274}
  outPort: {fileID: 114378758988978216}
--- !u!114 &114408083327387516
MonoBehaviour:
  m_ObjectHideFlags: 0
  m_CorrespondingSourceObject: {fileID: 0}
  m_PrefabInstance: {fileID: 0}
  m_PrefabAsset: {fileID: 0}
  m_GameObject: {fileID: 0}
  m_Enabled: 1
  m_EditorHideFlags: 0
  m_Script: {fileID: 11500000, guid: 92897b83d3ac44d4fb3722cc5d2189d2, type: 3}
  m_Name: "O101 - V\xFDchod z maringotky-T-15-outPort"
  m_EditorClassIdentifier: 
  Direction: 1
  attachedToNode: {fileID: 114350439297676508}
  centerInAbsolute: {x: 1686.0703, y: 123.099976}
  connections:
  - {fileID: 114369308174001538}
  buttonRectInRelative:
    serializedVersion: 2
    x: 288
    y: 25
    width: 12
    height: 12
--- !u!114 &114434302336552280
MonoBehaviour:
  m_ObjectHideFlags: 0
  m_CorrespondingSourceObject: {fileID: 0}
  m_PrefabInstance: {fileID: 0}
  m_PrefabAsset: {fileID: 0}
  m_GameObject: {fileID: 0}
  m_Enabled: 1
  m_EditorHideFlags: 0
  m_Script: {fileID: 11500000, guid: 5ab8e39e5de1e8146b9d50b8568d7681, type: 3}
  m_Name: "O101 - V\xFDchod z maringotky-T-28"
  m_EditorClassIdentifier: 
  uniqueId: "O101 - V\xFDchod z maringotky-T-28"
  nameWithinDialog: T-28
  parentGraph: {fileID: 11400000}
  inPort: {fileID: 114852628185103454}
  outPorts:
  - {fileID: 114776024709864314}
  pointsTo: []
  position: {x: 0, y: 0}
  rect:
    serializedVersion: 2
    x: 1675.6187
    y: 377.52988
    width: 300
    height: 200
  isDragged: 0
  isSelected: 0
  nodeNameRect:
    serializedVersion: 2
    x: 15
    y: 10
    width: 180
    height: 30
  corruptionReport: 
  triggers:
  - {fileID: 114536211121793814}
  triggerMultiOptionIndex: 0
--- !u!114 &114434884815150872
MonoBehaviour:
  m_ObjectHideFlags: 0
  m_CorrespondingSourceObject: {fileID: 0}
  m_PrefabInstance: {fileID: 0}
  m_PrefabAsset: {fileID: 0}
  m_GameObject: {fileID: 0}
  m_Enabled: 1
  m_EditorHideFlags: 0
  m_Script: {fileID: 11500000, guid: c83906d02ff79e44a87686bb3e9d622c, type: 3}
  m_Name: "O101 - V\xFDchod z maringotky-EP-0 -- O101 - V\xFDchod z maringotky-T-27"
  m_EditorClassIdentifier: 
  inPort: {fileID: 114745667250936754}
  outPort: {fileID: 114558330977622912}
--- !u!114 &114450821257292388
MonoBehaviour:
  m_ObjectHideFlags: 0
  m_CorrespondingSourceObject: {fileID: 0}
  m_PrefabInstance: {fileID: 0}
  m_PrefabAsset: {fileID: 0}
  m_GameObject: {fileID: 0}
  m_Enabled: 1
  m_EditorHideFlags: 0
  m_Script: {fileID: 11500000, guid: 181e8b17fb3baf040b6aeb659b7c5cee, type: 3}
  m_Name: "O101 - V\xFDchod z maringotky-C-12-C"
  m_EditorClassIdentifier: 
  type: {fileID: 11400000, guid: b9c45b5bb868b004ea96bad761aa5b86, type: 2}
  variable: {fileID: 11400000, guid: 17fedb89b7e69ee458926a5a3b79c19e, type: 2}
  intParam: -1
  character: {fileID: 0}
  stringOptions: []
--- !u!114 &114467400175817844
MonoBehaviour:
  m_ObjectHideFlags: 0
  m_CorrespondingSourceObject: {fileID: 0}
  m_PrefabInstance: {fileID: 0}
  m_PrefabAsset: {fileID: 0}
  m_GameObject: {fileID: 0}
  m_Enabled: 1
  m_EditorHideFlags: 0
  m_Script: {fileID: 11500000, guid: a369827a53a8b544fac030b468de9f7b, type: 3}
  m_Name: "O101 - V\xFDchod z maringotky-R-22"
  m_EditorClassIdentifier: 
  uniqueId: "O101 - V\xFDchod z maringotky-R-22"
  nameWithinDialog: R-22
  parentGraph: {fileID: 11400000}
  inPort: {fileID: 114759346448563788}
  outPorts:
  - {fileID: 114536952743455334}
  pointsTo: []
  position: {x: 0, y: 0}
  rect:
    serializedVersion: 2
    x: 942.4083
    y: 872.03906
    width: 250
    height: 150
  isDragged: 0
  isSelected: 0
  nodeNameRect:
    serializedVersion: 2
    x: 15
    y: 10
    width: 146
    height: 30
  corruptionReport: 
  speaker: {fileID: 11400000, guid: bd4269cbd9a00b64fa93d3034e3bb339, type: 2}
  replicAudio: {fileID: 0}
  scroll: {x: 0, y: 0}
  currentLang: 0
  translation:
    cs: "Je\u0161t\u011B bych se m\u011Bl nal\xED\u010Dit"
    en: 
--- !u!114 &114481075937104616
MonoBehaviour:
  m_ObjectHideFlags: 0
  m_CorrespondingSourceObject: {fileID: 0}
  m_PrefabInstance: {fileID: 0}
  m_PrefabAsset: {fileID: 0}
  m_GameObject: {fileID: 0}
  m_Enabled: 1
  m_EditorHideFlags: 0
  m_Script: {fileID: 11500000, guid: 92897b83d3ac44d4fb3722cc5d2189d2, type: 3}
  m_Name: "O101 - V\xFDchod z maringotky-R-3-inPort"
  m_EditorClassIdentifier: 
  Direction: 0
  attachedToNode: {fileID: 114019852435085876}
  centerInAbsolute: {x: 342.4981, y: 758.7898}
  connections:
  - {fileID: 114104884449408788}
  buttonRectInRelative:
    serializedVersion: 2
    x: 0
    y: 25
    width: 12
    height: 12
--- !u!114 &114481120781406306
MonoBehaviour:
  m_ObjectHideFlags: 0
  m_CorrespondingSourceObject: {fileID: 0}
  m_PrefabInstance: {fileID: 0}
  m_PrefabAsset: {fileID: 0}
  m_GameObject: {fileID: 0}
  m_Enabled: 1
  m_EditorHideFlags: 0
  m_Script: {fileID: 11500000, guid: 181e8b17fb3baf040b6aeb659b7c5cee, type: 3}
  m_Name: "O101 - V\xFDchod z maringotky-C-11-C"
  m_EditorClassIdentifier: 
  type: {fileID: 11400000, guid: b9c45b5bb868b004ea96bad761aa5b86, type: 2}
  variable: {fileID: 11400000, guid: d25c63feea037d445b0791adbe80cd06, type: 2}
  intParam: -1
  character: {fileID: 0}
  stringOptions: []
--- !u!114 &114484321765460534
MonoBehaviour:
  m_ObjectHideFlags: 0
  m_CorrespondingSourceObject: {fileID: 0}
  m_PrefabInstance: {fileID: 0}
  m_PrefabAsset: {fileID: 0}
  m_GameObject: {fileID: 0}
  m_Enabled: 1
  m_EditorHideFlags: 0
  m_Script: {fileID: 11500000, guid: c83906d02ff79e44a87686bb3e9d622c, type: 3}
  m_Name: "O101 - V\xFDchod z maringotky-T-28 -- O101 - V\xFDchod z maringotky-T-29"
  m_EditorClassIdentifier: 
  inPort: {fileID: 114776024709864314}
  outPort: {fileID: 114522376312886090}
--- !u!114 &114495444266845184
MonoBehaviour:
  m_ObjectHideFlags: 0
  m_CorrespondingSourceObject: {fileID: 0}
  m_PrefabInstance: {fileID: 0}
  m_PrefabAsset: {fileID: 0}
  m_GameObject: {fileID: 0}
  m_Enabled: 1
  m_EditorHideFlags: 0
  m_Script: {fileID: 11500000, guid: 92897b83d3ac44d4fb3722cc5d2189d2, type: 3}
  m_Name: "O101 - V\xFDchod z maringotky-T-30-inPort"
  m_EditorClassIdentifier: 
  Direction: 0
  attachedToNode: {fileID: 114348940979514468}
  centerInAbsolute: {x: -382.40186, y: 801.4287}
  connections:
  - {fileID: 114898958742126086}
  buttonRectInRelative:
    serializedVersion: 2
    x: 0
    y: 25
    width: 12
    height: 12
--- !u!114 &114496647785839168
MonoBehaviour:
  m_ObjectHideFlags: 0
  m_CorrespondingSourceObject: {fileID: 0}
  m_PrefabInstance: {fileID: 0}
  m_PrefabAsset: {fileID: 0}
  m_GameObject: {fileID: 0}
  m_Enabled: 1
  m_EditorHideFlags: 0
  m_Script: {fileID: 11500000, guid: 20b5064632769b640943e81336d488d2, type: 3}
  m_Name: "O101 - V\xFDchod z maringotky-T-15-T"
  m_EditorClassIdentifier: 
  type: {fileID: 11400000, guid: 5e6d783cd5b36184791ee4a2cd2da28e, type: 2}
  variable: {fileID: 11400000, guid: 74a38efc8e2965f49a6c45bb05644307, type: 2}
  intParam: 3
  entryPoint: {fileID: 0}
  stringParam: 
  boolParam: 0
  character: {fileID: 11400000, guid: f1ac703ea02cd25498f98237aeb719ac, type: 2}
  floatParam: 0
  stringOptions:
  - closed
  - open
  - opened
  - closing
--- !u!114 &114513042722330694
MonoBehaviour:
  m_ObjectHideFlags: 0
  m_CorrespondingSourceObject: {fileID: 0}
  m_PrefabInstance: {fileID: 0}
  m_PrefabAsset: {fileID: 0}
  m_GameObject: {fileID: 0}
  m_Enabled: 1
  m_EditorHideFlags: 0
  m_Script: {fileID: 11500000, guid: c83906d02ff79e44a87686bb3e9d622c, type: 3}
  m_Name: "O101 - V\xFDchod z maringotky-R-26 -- O101 - V\xFDchod z maringotky-T-31"
  m_EditorClassIdentifier: 
  inPort: {fileID: 114308945032027720}
  outPort: {fileID: 114685958071325814}
--- !u!114 &114522376312886090
MonoBehaviour:
  m_ObjectHideFlags: 0
  m_CorrespondingSourceObject: {fileID: 0}
  m_PrefabInstance: {fileID: 0}
  m_PrefabAsset: {fileID: 0}
  m_GameObject: {fileID: 0}
  m_Enabled: 1
  m_EditorHideFlags: 0
  m_Script: {fileID: 11500000, guid: 92897b83d3ac44d4fb3722cc5d2189d2, type: 3}
  m_Name: "O101 - V\xFDchod z maringotky-T-29-inPort"
  m_EditorClassIdentifier: 
  Direction: 0
  attachedToNode: {fileID: 114906186476992136}
  centerInAbsolute: {x: 2028.0193, y: 455.8299}
  connections:
  - {fileID: 114484321765460534}
  buttonRectInRelative:
    serializedVersion: 2
    x: 0
    y: 25
    width: 12
    height: 12
--- !u!114 &114536211121793814
MonoBehaviour:
  m_ObjectHideFlags: 0
  m_CorrespondingSourceObject: {fileID: 0}
  m_PrefabInstance: {fileID: 0}
  m_PrefabAsset: {fileID: 0}
  m_GameObject: {fileID: 0}
  m_Enabled: 1
  m_EditorHideFlags: 0
  m_Script: {fileID: 11500000, guid: 20b5064632769b640943e81336d488d2, type: 3}
  m_Name: "O101 - V\xFDchod z maringotky-T-28-T"
  m_EditorClassIdentifier: 
  type: {fileID: 11400000, guid: 526a4a47f83421142b851e4f319ae914, type: 2}
  variable: {fileID: 0}
  intParam: -1
  entryPoint: {fileID: 0}
  stringParam: 
  boolParam: 0
  character: {fileID: 0}
  floatParam: 1
  stringOptions: []
--- !u!114 &114536952743455334
MonoBehaviour:
  m_ObjectHideFlags: 0
  m_CorrespondingSourceObject: {fileID: 0}
  m_PrefabInstance: {fileID: 0}
  m_PrefabAsset: {fileID: 0}
  m_GameObject: {fileID: 0}
  m_Enabled: 1
  m_EditorHideFlags: 0
  m_Script: {fileID: 11500000, guid: 92897b83d3ac44d4fb3722cc5d2189d2, type: 3}
  m_Name: "O101 - V\xFDchod z maringotky-R-22-outPort"
  m_EditorClassIdentifier: 
  Direction: 1
  attachedToNode: {fileID: 114467400175817844}
  centerInAbsolute: {x: 1186.4083, y: 903.03906}
  connections:
  - {fileID: 114120557716327412}
  buttonRectInRelative:
    serializedVersion: 2
    x: 238
    y: 25
    width: 12
    height: 12
--- !u!114 &114541086942322162
MonoBehaviour:
  m_ObjectHideFlags: 0
  m_CorrespondingSourceObject: {fileID: 0}
  m_PrefabInstance: {fileID: 0}
  m_PrefabAsset: {fileID: 0}
  m_GameObject: {fileID: 0}
  m_Enabled: 1
  m_EditorHideFlags: 0
  m_Script: {fileID: 11500000, guid: 20b5064632769b640943e81336d488d2, type: 3}
  m_Name: "O101 - V\xFDchod z maringotky-T-15-T"
  m_EditorClassIdentifier: 
  type: {fileID: 11400000, guid: caac3b515e22ee04aa8973953dee2eb3, type: 2}
  variable: {fileID: 11400000, guid: f1ac703ea02cd25498f98237aeb719ac, type: 2}
  intParam: -1
  entryPoint: {fileID: 114889822162487222}
  stringParam: 
  boolParam: 0
  character: {fileID: 0}
  floatParam: 0
  stringOptions: []
--- !u!114 &114548482982501062
MonoBehaviour:
  m_ObjectHideFlags: 0
  m_CorrespondingSourceObject: {fileID: 0}
  m_PrefabInstance: {fileID: 0}
  m_PrefabAsset: {fileID: 0}
  m_GameObject: {fileID: 0}
  m_Enabled: 1
  m_EditorHideFlags: 0
  m_Script: {fileID: 11500000, guid: 92897b83d3ac44d4fb3722cc5d2189d2, type: 3}
  m_Name: "O101 - V\xFDchod z maringotky-R-14-outPort"
  m_EditorClassIdentifier: 
  Direction: 1
  attachedToNode: {fileID: 114345823868909474}
  centerInAbsolute: {x: 1323.406, y: 282.25}
  connections:
  - {fileID: 114215125723132632}
  buttonRectInRelative:
    serializedVersion: 2
    x: 238
    y: 25
    width: 12
    height: 12
--- !u!114 &114548919566885226
MonoBehaviour:
  m_ObjectHideFlags: 0
  m_CorrespondingSourceObject: {fileID: 0}
  m_PrefabInstance: {fileID: 0}
  m_PrefabAsset: {fileID: 0}
  m_GameObject: {fileID: 0}
  m_Enabled: 1
  m_EditorHideFlags: 0
  m_Script: {fileID: 11500000, guid: 5ab8e39e5de1e8146b9d50b8568d7681, type: 3}
  m_Name: "O101 - V\xFDchod z maringotky-T-24"
  m_EditorClassIdentifier: 
  uniqueId: "O101 - V\xFDchod z maringotky-T-24"
  nameWithinDialog: T-24
  parentGraph: {fileID: 11400000}
  inPort: {fileID: 114557868854059018}
  outPorts:
  - {fileID: 114120222076310482}
  pointsTo: []
  position: {x: 0, y: 0}
  rect:
    serializedVersion: 2
    x: -9.131592
    y: 757.2488
    width: 300
    height: 274.99997
  isDragged: 0
  isSelected: 0
  nodeNameRect:
    serializedVersion: 2
    x: 15
    y: 10
    width: 180
    height: 30
  corruptionReport: 
  triggers:
  - {fileID: 114739915318129062}
  - {fileID: 114195791184487856}
  triggerMultiOptionIndex: 0
--- !u!114 &114557868854059018
MonoBehaviour:
  m_ObjectHideFlags: 0
  m_CorrespondingSourceObject: {fileID: 0}
  m_PrefabInstance: {fileID: 0}
  m_PrefabAsset: {fileID: 0}
  m_GameObject: {fileID: 0}
  m_Enabled: 1
  m_EditorHideFlags: 0
  m_Script: {fileID: 11500000, guid: 92897b83d3ac44d4fb3722cc5d2189d2, type: 3}
  m_Name: "O101 - V\xFDchod z maringotky-T-24-inPort"
  m_EditorClassIdentifier: 
  Direction: 0
  attachedToNode: {fileID: 114548919566885226}
  centerInAbsolute: {x: -3.1315918, y: 788.2488}
  connections:
  - {fileID: 114733430603756574}
  buttonRectInRelative:
    serializedVersion: 2
    x: 0
    y: 25
    width: 12
    height: 12
--- !u!114 &114558330977622912
MonoBehaviour:
  m_ObjectHideFlags: 0
  m_CorrespondingSourceObject: {fileID: 0}
  m_PrefabInstance: {fileID: 0}
  m_PrefabAsset: {fileID: 0}
  m_GameObject: {fileID: 0}
  m_Enabled: 1
  m_EditorHideFlags: 0
  m_Script: {fileID: 11500000, guid: 92897b83d3ac44d4fb3722cc5d2189d2, type: 3}
  m_Name: "O101 - V\xFDchod z maringotky-T-27-inPort"
  m_EditorClassIdentifier: 
  Direction: 0
  attachedToNode: {fileID: 114691053823494006}
  centerInAbsolute: {x: -327.25317, y: 383.4599}
  connections:
  - {fileID: 114434884815150872}
  buttonRectInRelative:
    serializedVersion: 2
    x: 0
    y: 25
    width: 12
    height: 12
--- !u!114 &114567030283428112
MonoBehaviour:
  m_ObjectHideFlags: 0
  m_CorrespondingSourceObject: {fileID: 0}
  m_PrefabInstance: {fileID: 0}
  m_PrefabAsset: {fileID: 0}
  m_GameObject: {fileID: 0}
  m_Enabled: 1
  m_EditorHideFlags: 0
  m_Script: {fileID: 11500000, guid: 389080019c8a889408955a7fcb20050c, type: 3}
  m_Name: "O101 - V\xFDchod z maringotky-MO-10-DO1"
  m_EditorClassIdentifier: 
  indexWithinMultiOption: 1
  translation:
    cs: 
    en: 
  currentLang: 0
  isOriginalyActive: 1
  isCurrentlyActive: 1
  isVisited: 0
--- !u!114 &114618748899500676
MonoBehaviour:
  m_ObjectHideFlags: 0
  m_CorrespondingSourceObject: {fileID: 0}
  m_PrefabInstance: {fileID: 0}
  m_PrefabAsset: {fileID: 0}
  m_GameObject: {fileID: 0}
  m_Enabled: 1
  m_EditorHideFlags: 0
  m_Script: {fileID: 11500000, guid: 20b5064632769b640943e81336d488d2, type: 3}
  m_Name: "O101 - V\xFDchod z maringotky-T-15-T"
  m_EditorClassIdentifier: 
  type: {fileID: 11400000, guid: 01f7d22a4dd12e84cbc9add28f397781, type: 2}
  variable: {fileID: 11400000, guid: d25c63feea037d445b0791adbe80cd06, type: 2}
  intParam: -1
  entryPoint: {fileID: 0}
  stringParam: 
  boolParam: 0
  character: {fileID: 0}
  floatParam: 0
  stringOptions: []
--- !u!114 &114623098463164694
MonoBehaviour:
  m_ObjectHideFlags: 0
  m_CorrespondingSourceObject: {fileID: 0}
  m_PrefabInstance: {fileID: 0}
  m_PrefabAsset: {fileID: 0}
  m_GameObject: {fileID: 0}
  m_Enabled: 1
  m_EditorHideFlags: 0
  m_Script: {fileID: 11500000, guid: c83906d02ff79e44a87686bb3e9d622c, type: 3}
  m_Name: "O101 - V\xFDchod z maringotky-R-5 -- O101 - V\xFDchod z maringotky-T-31"
  m_EditorClassIdentifier: 
  inPort: {fileID: 114852812247507782}
  outPort: {fileID: 114685958071325814}
--- !u!114 &114633856005282356
MonoBehaviour:
  m_ObjectHideFlags: 0
  m_CorrespondingSourceObject: {fileID: 0}
  m_PrefabInstance: {fileID: 0}
  m_PrefabAsset: {fileID: 0}
  m_GameObject: {fileID: 0}
  m_Enabled: 1
  m_EditorHideFlags: 0
  m_Script: {fileID: 11500000, guid: a369827a53a8b544fac030b468de9f7b, type: 3}
  m_Name: "O101 - V\xFDchod z maringotky-R-21"
  m_EditorClassIdentifier: 
  uniqueId: "O101 - V\xFDchod z maringotky-R-21"
  nameWithinDialog: R-21
  parentGraph: {fileID: 11400000}
  inPort: {fileID: 114812930309017338}
  outPorts:
  - {fileID: 114644987253160514}
  pointsTo: []
  position: {x: 0, y: 0}
  rect:
    serializedVersion: 2
    x: 1032.4392
    y: 481.2605
    width: 250
    height: 150
  isDragged: 0
  isSelected: 0
  nodeNameRect:
    serializedVersion: 2
    x: 15
    y: 10
    width: 146
    height: 30
  corruptionReport: 
  speaker: {fileID: 11400000, guid: bd4269cbd9a00b64fa93d3034e3bb339, type: 2}
  replicAudio: {fileID: 0}
  scroll: {x: 0, y: 0}
  currentLang: 0
  translation:
    cs: "Bez sv\xE9ho klaunsk\xE9ho nosu nikam nem\u016F\u017Eu"
    en: 
--- !u!114 &114642633111370838
MonoBehaviour:
  m_ObjectHideFlags: 0
  m_CorrespondingSourceObject: {fileID: 0}
  m_PrefabInstance: {fileID: 0}
  m_PrefabAsset: {fileID: 0}
  m_GameObject: {fileID: 0}
  m_Enabled: 1
  m_EditorHideFlags: 0
  m_Script: {fileID: 11500000, guid: 92897b83d3ac44d4fb3722cc5d2189d2, type: 3}
  m_Name: "O101 - V\xFDchod z maringotky-T-30-outPort"
  m_EditorClassIdentifier: 
  Direction: 1
  attachedToNode: {fileID: 114348940979514468}
  centerInAbsolute: {x: -94.401855, y: 801.4287}
  connections:
  - {fileID: 114733430603756574}
  buttonRectInRelative:
    serializedVersion: 2
    x: 288
    y: 25
    width: 12
    height: 12
--- !u!114 &114644987253160514
MonoBehaviour:
  m_ObjectHideFlags: 0
  m_CorrespondingSourceObject: {fileID: 0}
  m_PrefabInstance: {fileID: 0}
  m_PrefabAsset: {fileID: 0}
  m_GameObject: {fileID: 0}
  m_Enabled: 1
  m_EditorHideFlags: 0
  m_Script: {fileID: 11500000, guid: 92897b83d3ac44d4fb3722cc5d2189d2, type: 3}
  m_Name: "O101 - V\xFDchod z maringotky-R-21-outPort"
  m_EditorClassIdentifier: 
  Direction: 1
  attachedToNode: {fileID: 114633856005282356}
  centerInAbsolute: {x: 1276.4392, y: 512.2605}
  connections:
  - {fileID: 114256709884668494}
  buttonRectInRelative:
    serializedVersion: 2
    x: 238
    y: 25
    width: 12
    height: 12
--- !u!114 &114645724546143564
MonoBehaviour:
  m_ObjectHideFlags: 0
  m_CorrespondingSourceObject: {fileID: 0}
  m_PrefabInstance: {fileID: 0}
  m_PrefabAsset: {fileID: 0}
  m_GameObject: {fileID: 0}
  m_Enabled: 1
  m_EditorHideFlags: 0
  m_Script: {fileID: 11500000, guid: 92897b83d3ac44d4fb3722cc5d2189d2, type: 3}
  m_Name: "O101 - V\xFDchod z maringotky-R-26-inPort"
  m_EditorClassIdentifier: 
  Direction: 0
  attachedToNode: {fileID: 114763704493759842}
  centerInAbsolute: {x: 981.5295, y: 675.6698}
  connections:
  - {fileID: 114152250466307814}
  buttonRectInRelative:
    serializedVersion: 2
    x: 0
    y: 25
    width: 12
    height: 12
--- !u!114 &114659465126191662
MonoBehaviour:
  m_ObjectHideFlags: 0
  m_CorrespondingSourceObject: {fileID: 0}
  m_PrefabInstance: {fileID: 0}
  m_PrefabAsset: {fileID: 0}
  m_GameObject: {fileID: 0}
  m_Enabled: 1
  m_EditorHideFlags: 0
  m_Script: {fileID: 11500000, guid: 92897b83d3ac44d4fb3722cc5d2189d2, type: 3}
  m_Name: "O101 - V\xFDchod z maringotky-T-27-outPort"
  m_EditorClassIdentifier: 
  Direction: 1
  attachedToNode: {fileID: 114691053823494006}
  centerInAbsolute: {x: -39.253174, y: 383.4599}
  connections:
  - {fileID: 114971783168728708}
  buttonRectInRelative:
    serializedVersion: 2
    x: 288
    y: 25
    width: 12
    height: 12
--- !u!114 &114666477239630782
MonoBehaviour:
  m_ObjectHideFlags: 0
  m_CorrespondingSourceObject: {fileID: 0}
  m_PrefabInstance: {fileID: 0}
  m_PrefabAsset: {fileID: 0}
  m_GameObject: {fileID: 0}
  m_Enabled: 1
  m_EditorHideFlags: 0
  m_Script: {fileID: 11500000, guid: 20b5064632769b640943e81336d488d2, type: 3}
  m_Name: "O101 - V\xFDchod z maringotky-T-15-T"
  m_EditorClassIdentifier: 
  type: {fileID: 11400000, guid: 01f7d22a4dd12e84cbc9add28f397781, type: 2}
  variable: {fileID: 11400000, guid: d445a9c05007b624d9cf12b6543efd01, type: 2}
  intParam: -1
  entryPoint: {fileID: 0}
  stringParam: 
  boolParam: 0
  character: {fileID: 0}
  floatParam: 0
  stringOptions: []
--- !u!114 &114685958071325814
MonoBehaviour:
  m_ObjectHideFlags: 0
  m_CorrespondingSourceObject: {fileID: 0}
  m_PrefabInstance: {fileID: 0}
  m_PrefabAsset: {fileID: 0}
  m_GameObject: {fileID: 0}
  m_Enabled: 1
  m_EditorHideFlags: 0
  m_Script: {fileID: 11500000, guid: 92897b83d3ac44d4fb3722cc5d2189d2, type: 3}
  m_Name: "O101 - V\xFDchod z maringotky-T-31-inPort"
  m_EditorClassIdentifier: 
  Direction: 0
  attachedToNode: {fileID: 114142086102585202}
  centerInAbsolute: {x: 1406.3687, y: 1103.0002}
  connections:
  - {fileID: 114256709884668494}
  - {fileID: 114513042722330694}
  - {fileID: 114120557716327412}
  - {fileID: 114064032678828046}
  - {fileID: 114283627729650420}
  - {fileID: 114623098463164694}
  buttonRectInRelative:
    serializedVersion: 2
    x: 0
    y: 25
    width: 12
    height: 12
--- !u!114 &114688818850382592
MonoBehaviour:
  m_ObjectHideFlags: 0
  m_CorrespondingSourceObject: {fileID: 0}
  m_PrefabInstance: {fileID: 0}
  m_PrefabAsset: {fileID: 0}
  m_GameObject: {fileID: 0}
  m_Enabled: 1
  m_EditorHideFlags: 0
  m_Script: {fileID: 11500000, guid: 92897b83d3ac44d4fb3722cc5d2189d2, type: 3}
  m_Name: "O101 - V\xFDchod z maringotky-EP-16-outPort"
  m_EditorClassIdentifier: 
  Direction: 1
  attachedToNode: {fileID: 114889822162487222}
  centerInAbsolute: {x: -473.3435, y: 572.1999}
  connections:
  - {fileID: 114898958742126086}
  buttonRectInRelative:
    serializedVersion: 2
    x: 168
    y: 25
    width: 12
    height: 12
--- !u!114 &114691053823494006
MonoBehaviour:
  m_ObjectHideFlags: 0
  m_CorrespondingSourceObject: {fileID: 0}
  m_PrefabInstance: {fileID: 0}
  m_PrefabAsset: {fileID: 0}
  m_GameObject: {fileID: 0}
  m_Enabled: 1
  m_EditorHideFlags: 0
  m_Script: {fileID: 11500000, guid: 5ab8e39e5de1e8146b9d50b8568d7681, type: 3}
  m_Name: "O101 - V\xFDchod z maringotky-T-27"
  m_EditorClassIdentifier: 
  uniqueId: "O101 - V\xFDchod z maringotky-T-27"
  nameWithinDialog: T-27
  parentGraph: {fileID: 11400000}
  inPort: {fileID: 114558330977622912}
  outPorts:
  - {fileID: 114659465126191662}
  pointsTo: []
  position: {x: 0, y: 0}
  rect:
    serializedVersion: 2
    x: -333.25317
    y: 352.4599
    width: 300
    height: 200
  isDragged: 0
  isSelected: 0
  nodeNameRect:
    serializedVersion: 2
    x: 15
    y: 10
    width: 180
    height: 30
  corruptionReport: 
  triggers:
  - {fileID: 114313800854509322}
  triggerMultiOptionIndex: 0
--- !u!114 &114709684784941436
MonoBehaviour:
  m_ObjectHideFlags: 0
  m_CorrespondingSourceObject: {fileID: 0}
  m_PrefabInstance: {fileID: 0}
  m_PrefabAsset: {fileID: 0}
  m_GameObject: {fileID: 0}
  m_Enabled: 1
  m_EditorHideFlags: 0
  m_Script: {fileID: 11500000, guid: a369827a53a8b544fac030b468de9f7b, type: 3}
  m_Name: "O101 - V\xFDchod z maringotky-R-5"
  m_EditorClassIdentifier: 
  uniqueId: "O101 - V\xFDchod z maringotky-R-5"
  nameWithinDialog: R-5
  parentGraph: {fileID: 11400000}
  inPort: {fileID: 114814165232746748}
  outPorts:
  - {fileID: 114852812247507782}
  pointsTo: []
  position: {x: 0, y: 0}
  rect:
    serializedVersion: 2
    x: 341.8282
    y: 902.89954
    width: 250
    height: 150
  isDragged: 0
  isSelected: 1
  nodeNameRect:
    serializedVersion: 2
    x: 15
    y: 10
    width: 146
    height: 30
  corruptionReport: 
  speaker: {fileID: 11400000, guid: bd4269cbd9a00b64fa93d3034e3bb339, type: 2}
  replicAudio: {fileID: 0}
  scroll: {x: 0, y: 0}
  currentLang: 0
  translation:
    cs: "P\u0159ece nep\u016Fjdu ven s holou zadnic\xED."
    en: 
--- !u!114 &114733430603756574
MonoBehaviour:
  m_ObjectHideFlags: 0
  m_CorrespondingSourceObject: {fileID: 0}
  m_PrefabInstance: {fileID: 0}
  m_PrefabAsset: {fileID: 0}
  m_GameObject: {fileID: 0}
  m_Enabled: 1
  m_EditorHideFlags: 0
  m_Script: {fileID: 11500000, guid: c83906d02ff79e44a87686bb3e9d622c, type: 3}
  m_Name: "O101 - V\xFDchod z maringotky-T-30 -- O101 - V\xFDchod z maringotky-T-24"
  m_EditorClassIdentifier: 
  inPort: {fileID: 114642633111370838}
  outPort: {fileID: 114557868854059018}
--- !u!114 &114735898453665714
MonoBehaviour:
  m_ObjectHideFlags: 0
  m_CorrespondingSourceObject: {fileID: 0}
  m_PrefabInstance: {fileID: 0}
  m_PrefabAsset: {fileID: 0}
  m_GameObject: {fileID: 0}
  m_Enabled: 1
  m_EditorHideFlags: 0
  m_Script: {fileID: 11500000, guid: 20b5064632769b640943e81336d488d2, type: 3}
  m_Name: "O101 - V\xFDchod z maringotky-T-30-T"
  m_EditorClassIdentifier: 
  type: {fileID: 11400000, guid: 5e6d783cd5b36184791ee4a2cd2da28e, type: 2}
  variable: {fileID: 11400000, guid: 74a38efc8e2965f49a6c45bb05644307, type: 2}
  intParam: 1
  entryPoint: {fileID: 0}
  stringParam: 
  boolParam: 0
  character: {fileID: 11400000, guid: f1ac703ea02cd25498f98237aeb719ac, type: 2}
  floatParam: 0
  stringOptions:
  - closed
  - open
  - opened
  - closing
--- !u!114 &114739915318129062
MonoBehaviour:
  m_ObjectHideFlags: 0
  m_CorrespondingSourceObject: {fileID: 0}
  m_PrefabInstance: {fileID: 0}
  m_PrefabAsset: {fileID: 0}
  m_GameObject: {fileID: 0}
  m_Enabled: 1
  m_EditorHideFlags: 0
  m_Script: {fileID: 11500000, guid: 20b5064632769b640943e81336d488d2, type: 3}
  m_Name: "O101 - V\xFDchod z maringotky-T-24-T"
  m_EditorClassIdentifier: 
  type: {fileID: 11400000, guid: 8620208169d7ff043810ff7052035c19, type: 2}
  variable: {fileID: 11400000, guid: 59b9b7b5ff299a84fa66a41dee125d04, type: 2}
  intParam: -1
  entryPoint: {fileID: 0}
  stringParam: 
  boolParam: 0
  character: {fileID: 0}
  floatParam: 0
  stringOptions: []
--- !u!114 &114745667250936754
MonoBehaviour:
  m_ObjectHideFlags: 0
  m_CorrespondingSourceObject: {fileID: 0}
  m_PrefabInstance: {fileID: 0}
  m_PrefabAsset: {fileID: 0}
  m_GameObject: {fileID: 0}
  m_Enabled: 1
  m_EditorHideFlags: 0
  m_Script: {fileID: 11500000, guid: 92897b83d3ac44d4fb3722cc5d2189d2, type: 3}
  m_Name: "O101 - V\xFDchod z maringotky-EP-8-outPort"
  m_EditorClassIdentifier: 
  Direction: 1
  attachedToNode: {fileID: 114955102495870970}
  centerInAbsolute: {x: -335.64355, y: 247.84998}
  connections:
  - {fileID: 114434884815150872}
  buttonRectInRelative:
    serializedVersion: 2
    x: 168
    y: 25
    width: 12
    height: 12
--- !u!114 &114757947110654274
MonoBehaviour:
  m_ObjectHideFlags: 0
  m_CorrespondingSourceObject: {fileID: 0}
  m_PrefabInstance: {fileID: 0}
  m_PrefabAsset: {fileID: 0}
  m_GameObject: {fileID: 0}
  m_Enabled: 1
  m_EditorHideFlags: 0
  m_Script: {fileID: 11500000, guid: 92897b83d3ac44d4fb3722cc5d2189d2, type: 3}
  m_Name: "O101 - V\xFDchod z maringotky-C-12-outPort0"
  m_EditorClassIdentifier: 
  Direction: 1
  attachedToNode: {fileID: 114178416909891332}
  centerInAbsolute: {x: 648.7996, y: 413.055}
  connections:
  - {fileID: 114382649887326778}
  buttonRectInRelative:
    serializedVersion: 2
    x: 288
    y: 77.065
    width: 12
    height: 12
--- !u!114 &114759346448563788
MonoBehaviour:
  m_ObjectHideFlags: 0
  m_CorrespondingSourceObject: {fileID: 0}
  m_PrefabInstance: {fileID: 0}
  m_PrefabAsset: {fileID: 0}
  m_GameObject: {fileID: 0}
  m_Enabled: 1
  m_EditorHideFlags: 0
  m_Script: {fileID: 11500000, guid: 92897b83d3ac44d4fb3722cc5d2189d2, type: 3}
  m_Name: "O101 - V\xFDchod z maringotky-R-22-inPort"
  m_EditorClassIdentifier: 
  Direction: 0
  attachedToNode: {fileID: 114467400175817844}
  centerInAbsolute: {x: 948.4083, y: 903.03906}
  connections:
  - {fileID: 114982233238785548}
  buttonRectInRelative:
    serializedVersion: 2
    x: 0
    y: 25
    width: 12
    height: 12
--- !u!114 &114763704493759842
MonoBehaviour:
  m_ObjectHideFlags: 0
  m_CorrespondingSourceObject: {fileID: 0}
  m_PrefabInstance: {fileID: 0}
  m_PrefabAsset: {fileID: 0}
  m_GameObject: {fileID: 0}
  m_Enabled: 1
  m_EditorHideFlags: 0
  m_Script: {fileID: 11500000, guid: a369827a53a8b544fac030b468de9f7b, type: 3}
  m_Name: "O101 - V\xFDchod z maringotky-R-26"
  m_EditorClassIdentifier: 
  uniqueId: "O101 - V\xFDchod z maringotky-R-26"
  nameWithinDialog: R-26
  parentGraph: {fileID: 11400000}
  inPort: {fileID: 114645724546143564}
  outPorts:
  - {fileID: 114308945032027720}
  pointsTo: []
  position: {x: 0, y: 0}
  rect:
    serializedVersion: 2
    x: 975.5295
    y: 644.6698
    width: 250
    height: 150
  isDragged: 0
  isSelected: 0
  nodeNameRect:
    serializedVersion: 2
    x: 15
    y: 10
    width: 146
    height: 30
  corruptionReport: 
  speaker: {fileID: 11400000, guid: bd4269cbd9a00b64fa93d3034e3bb339, type: 2}
  replicAudio: {fileID: 0}
  scroll: {x: 0, y: 0}
  currentLang: 0
  translation:
    cs: "Ob\xE1v\xE1m se, \u017Ee m\xE1 sada l\xED\u010Didel nen\xED kompletn\xED."
    en: 
--- !u!114 &114776024709864314
MonoBehaviour:
  m_ObjectHideFlags: 0
  m_CorrespondingSourceObject: {fileID: 0}
  m_PrefabInstance: {fileID: 0}
  m_PrefabAsset: {fileID: 0}
  m_GameObject: {fileID: 0}
  m_Enabled: 1
  m_EditorHideFlags: 0
  m_Script: {fileID: 11500000, guid: 92897b83d3ac44d4fb3722cc5d2189d2, type: 3}
  m_Name: "O101 - V\xFDchod z maringotky-T-28-outPort"
  m_EditorClassIdentifier: 
  Direction: 1
  attachedToNode: {fileID: 114434302336552280}
  centerInAbsolute: {x: 1969.6187, y: 408.52988}
  connections:
  - {fileID: 114484321765460534}
  buttonRectInRelative:
    serializedVersion: 2
    x: 288
    y: 25
    width: 12
    height: 12
--- !u!114 &114799315262206928
MonoBehaviour:
  m_ObjectHideFlags: 0
  m_CorrespondingSourceObject: {fileID: 0}
  m_PrefabInstance: {fileID: 0}
  m_PrefabAsset: {fileID: 0}
  m_GameObject: {fileID: 0}
  m_Enabled: 1
  m_EditorHideFlags: 0
  m_Script: {fileID: 11500000, guid: c83906d02ff79e44a87686bb3e9d622c, type: 3}
  m_Name: "O101 - V\xFDchod z maringotky-C-11 -- O101 - V\xFDchod z maringotky-R-5"
  m_EditorClassIdentifier: 
  inPort: {fileID: 114256502137664324}
  outPort: {fileID: 114814165232746748}
--- !u!114 &114812246530917642
MonoBehaviour:
  m_ObjectHideFlags: 0
  m_CorrespondingSourceObject: {fileID: 0}
  m_PrefabInstance: {fileID: 0}
  m_PrefabAsset: {fileID: 0}
  m_GameObject: {fileID: 0}
  m_Enabled: 1
  m_EditorHideFlags: 0
  m_Script: {fileID: 11500000, guid: 92897b83d3ac44d4fb3722cc5d2189d2, type: 3}
  m_Name: "O101 - V\xFDchod z maringotky-T-29-outPort"
  m_EditorClassIdentifier: 
  Direction: 1
  attachedToNode: {fileID: 114906186476992136}
  centerInAbsolute: {x: 2316.0193, y: 455.8299}
  connections: []
  buttonRectInRelative:
    serializedVersion: 2
    x: 288
    y: 25
    width: 12
    height: 12
--- !u!114 &114812930309017338
MonoBehaviour:
  m_ObjectHideFlags: 0
  m_CorrespondingSourceObject: {fileID: 0}
  m_PrefabInstance: {fileID: 0}
  m_PrefabAsset: {fileID: 0}
  m_GameObject: {fileID: 0}
  m_Enabled: 1
  m_EditorHideFlags: 0
  m_Script: {fileID: 11500000, guid: 92897b83d3ac44d4fb3722cc5d2189d2, type: 3}
  m_Name: "O101 - V\xFDchod z maringotky-R-21-inPort"
  m_EditorClassIdentifier: 
  Direction: 0
  attachedToNode: {fileID: 114633856005282356}
  centerInAbsolute: {x: 1038.4392, y: 512.2605}
  connections:
  - {fileID: 114047908642753304}
  buttonRectInRelative:
    serializedVersion: 2
    x: 0
    y: 25
    width: 12
    height: 12
--- !u!114 &114814165232746748
MonoBehaviour:
  m_ObjectHideFlags: 0
  m_CorrespondingSourceObject: {fileID: 0}
  m_PrefabInstance: {fileID: 0}
  m_PrefabAsset: {fileID: 0}
  m_GameObject: {fileID: 0}
  m_Enabled: 1
  m_EditorHideFlags: 0
  m_Script: {fileID: 11500000, guid: 92897b83d3ac44d4fb3722cc5d2189d2, type: 3}
  m_Name: "O101 - V\xFDchod z maringotky-R-5-inPort"
  m_EditorClassIdentifier: 
  Direction: 0
  attachedToNode: {fileID: 114709684784941436}
  centerInAbsolute: {x: 347.8282, y: 933.89954}
  connections:
  - {fileID: 114799315262206928}
  buttonRectInRelative:
    serializedVersion: 2
    x: 0
    y: 25
    width: 12
    height: 12
--- !u!114 &114823296269185018
MonoBehaviour:
  m_ObjectHideFlags: 0
  m_CorrespondingSourceObject: {fileID: 0}
  m_PrefabInstance: {fileID: 0}
  m_PrefabAsset: {fileID: 0}
  m_GameObject: {fileID: 0}
  m_Enabled: 1
  m_EditorHideFlags: 0
  m_Script: {fileID: 11500000, guid: c83906d02ff79e44a87686bb3e9d622c, type: 3}
  m_Name: "O101 - V\xFDchod z maringotky-C-9 -- O101 - V\xFDchod z maringotky-R-14"
  m_EditorClassIdentifier: 
  inPort: {fileID: 114231587823675158}
  outPort: {fileID: 114066299677408442}
--- !u!114 &114849236719610000
MonoBehaviour:
  m_ObjectHideFlags: 0
  m_CorrespondingSourceObject: {fileID: 0}
  m_PrefabInstance: {fileID: 0}
  m_PrefabAsset: {fileID: 0}
  m_GameObject: {fileID: 0}
  m_Enabled: 1
  m_EditorHideFlags: 0
  m_Script: {fileID: 11500000, guid: 20b5064632769b640943e81336d488d2, type: 3}
  m_Name: "O101 - V\xFDchod z maringotky-T-31-T"
  m_EditorClassIdentifier: 
  type: {fileID: 11400000, guid: 5e6d783cd5b36184791ee4a2cd2da28e, type: 2}
  variable: {fileID: 11400000, guid: 74a38efc8e2965f49a6c45bb05644307, type: 2}
  intParam: 3
  entryPoint: {fileID: 0}
  stringParam: 
  boolParam: 0
  character: {fileID: 11400000, guid: f1ac703ea02cd25498f98237aeb719ac, type: 2}
  floatParam: 0
  stringOptions:
  - closed
  - open
  - opened
  - closing
--- !u!114 &114852628185103454
MonoBehaviour:
  m_ObjectHideFlags: 0
  m_CorrespondingSourceObject: {fileID: 0}
  m_PrefabInstance: {fileID: 0}
  m_PrefabAsset: {fileID: 0}
  m_GameObject: {fileID: 0}
  m_Enabled: 1
  m_EditorHideFlags: 0
  m_Script: {fileID: 11500000, guid: 92897b83d3ac44d4fb3722cc5d2189d2, type: 3}
  m_Name: "O101 - V\xFDchod z maringotky-T-28-inPort"
  m_EditorClassIdentifier: 
  Direction: 0
  attachedToNode: {fileID: 114434302336552280}
  centerInAbsolute: {x: 1681.6187, y: 408.52988}
  connections:
  - {fileID: 114369308174001538}
  buttonRectInRelative:
    serializedVersion: 2
    x: 0
    y: 25
    width: 12
    height: 12
--- !u!114 &114852812247507782
MonoBehaviour:
  m_ObjectHideFlags: 0
  m_CorrespondingSourceObject: {fileID: 0}
  m_PrefabInstance: {fileID: 0}
  m_PrefabAsset: {fileID: 0}
  m_GameObject: {fileID: 0}
  m_Enabled: 1
  m_EditorHideFlags: 0
  m_Script: {fileID: 11500000, guid: 92897b83d3ac44d4fb3722cc5d2189d2, type: 3}
  m_Name: "O101 - V\xFDchod z maringotky-R-5-outPort"
  m_EditorClassIdentifier: 
  Direction: 1
  attachedToNode: {fileID: 114709684784941436}
  centerInAbsolute: {x: 585.8282, y: 933.89954}
  connections:
  - {fileID: 114623098463164694}
  buttonRectInRelative:
    serializedVersion: 2
    x: 238
    y: 25
    width: 12
    height: 12
--- !u!114 &114859322604844828
MonoBehaviour:
  m_ObjectHideFlags: 0
  m_CorrespondingSourceObject: {fileID: 0}
  m_PrefabInstance: {fileID: 0}
  m_PrefabAsset: {fileID: 0}
  m_GameObject: {fileID: 0}
  m_Enabled: 1
  m_EditorHideFlags: 0
  m_Script: {fileID: 11500000, guid: 92897b83d3ac44d4fb3722cc5d2189d2, type: 3}
  m_Name: "O101 - V\xFDchod z maringotky-C-12-inPort"
  m_EditorClassIdentifier: 
  Direction: 0
  attachedToNode: {fileID: 114178416909891332}
  centerInAbsolute: {x: 360.79962, y: 360.99}
  connections:
  - {fileID: 114116568231411418}
  buttonRectInRelative:
    serializedVersion: 2
    x: 0
    y: 25
    width: 12
    height: 12
--- !u!114 &114862550822487942
MonoBehaviour:
  m_ObjectHideFlags: 0
  m_CorrespondingSourceObject: {fileID: 0}
  m_PrefabInstance: {fileID: 0}
  m_PrefabAsset: {fileID: 0}
  m_GameObject: {fileID: 0}
  m_Enabled: 1
  m_EditorHideFlags: 0
  m_Script: {fileID: 11500000, guid: 92897b83d3ac44d4fb3722cc5d2189d2, type: 3}
  m_Name: "O101 - V\xFDchod z maringotky-C-25-outPort1"
  m_EditorClassIdentifier: 
  Direction: 1
  attachedToNode: {fileID: 114145723518035492}
  centerInAbsolute: {x: 888.2292, y: 610.7449}
  connections:
  - {fileID: 114982233238785548}
  buttonRectInRelative:
    serializedVersion: 2
    x: 288
    y: 99.065
    width: 12
    height: 12
--- !u!114 &114889822162487222
MonoBehaviour:
  m_ObjectHideFlags: 0
  m_CorrespondingSourceObject: {fileID: 0}
  m_PrefabInstance: {fileID: 0}
  m_PrefabAsset: {fileID: 0}
  m_GameObject: {fileID: 0}
  m_Enabled: 1
  m_EditorHideFlags: 0
  m_Script: {fileID: 11500000, guid: d687dbdf673d5ab4391e7faf19ac9f58, type: 3}
  m_Name: "O101 - V\xFDchod z maringotky-EP-final"
  m_EditorClassIdentifier: 
  uniqueId: "O101 - V\xFDchod z maringotky-EP-final"
  nameWithinDialog: EP-final
  parentGraph: {fileID: 11400000}
  inPort: {fileID: 0}
  outPorts:
  - {fileID: 114688818850382592}
  pointsTo: []
  position: {x: 0, y: 0}
  rect:
    serializedVersion: 2
    x: -647.3435
    y: 541.1999
    width: 180
    height: 100
  isDragged: 0
  isSelected: 0
  nodeNameRect:
    serializedVersion: 2
    x: 15
    y: 10
    width: 100
    height: 30
  corruptionReport: 
  note: 
--- !u!114 &114890735057367980
MonoBehaviour:
  m_ObjectHideFlags: 0
  m_CorrespondingSourceObject: {fileID: 0}
  m_PrefabInstance: {fileID: 0}
  m_PrefabAsset: {fileID: 0}
  m_GameObject: {fileID: 0}
  m_Enabled: 1
  m_EditorHideFlags: 0
  m_Script: {fileID: 11500000, guid: 92897b83d3ac44d4fb3722cc5d2189d2, type: 3}
  m_Name: "O101 - V\xFDchod z maringotky-R-3-outPort"
  m_EditorClassIdentifier: 
  Direction: 1
  attachedToNode: {fileID: 114019852435085876}
  centerInAbsolute: {x: 580.4981, y: 758.7898}
  connections:
  - {fileID: 114283627729650420}
  buttonRectInRelative:
    serializedVersion: 2
    x: 238
    y: 25
    width: 12
    height: 12
--- !u!114 &114898958742126086
MonoBehaviour:
  m_ObjectHideFlags: 0
  m_CorrespondingSourceObject: {fileID: 0}
  m_PrefabInstance: {fileID: 0}
  m_PrefabAsset: {fileID: 0}
  m_GameObject: {fileID: 0}
  m_Enabled: 1
  m_EditorHideFlags: 0
  m_Script: {fileID: 11500000, guid: c83906d02ff79e44a87686bb3e9d622c, type: 3}
  m_Name: "O101 - V\xFDchod z maringotky-EP-final -- O101 - V\xFDchod z maringotky-T-30"
  m_EditorClassIdentifier: 
  inPort: {fileID: 114688818850382592}
  outPort: {fileID: 114495444266845184}
--- !u!114 &114906186476992136
MonoBehaviour:
  m_ObjectHideFlags: 0
  m_CorrespondingSourceObject: {fileID: 0}
  m_PrefabInstance: {fileID: 0}
  m_PrefabAsset: {fileID: 0}
  m_GameObject: {fileID: 0}
  m_Enabled: 1
  m_EditorHideFlags: 0
  m_Script: {fileID: 11500000, guid: 5ab8e39e5de1e8146b9d50b8568d7681, type: 3}
  m_Name: "O101 - V\xFDchod z maringotky-T-29"
  m_EditorClassIdentifier: 
  uniqueId: "O101 - V\xFDchod z maringotky-T-29"
  nameWithinDialog: T-29
  parentGraph: {fileID: 11400000}
  inPort: {fileID: 114522376312886090}
  outPorts:
  - {fileID: 114812246530917642}
  pointsTo: []
  position: {x: 0, y: 0}
  rect:
    serializedVersion: 2
    x: 2022.0193
    y: 424.8299
    width: 300
    height: 200
  isDragged: 0
  isSelected: 0
  nodeNameRect:
    serializedVersion: 2
    x: 15
    y: 10
    width: 180
    height: 30
  corruptionReport: 
  triggers:
  - {fileID: 114161149766587228}
  triggerMultiOptionIndex: 0
--- !u!114 &114955102495870970
MonoBehaviour:
  m_ObjectHideFlags: 0
  m_CorrespondingSourceObject: {fileID: 0}
  m_PrefabInstance: {fileID: 0}
  m_PrefabAsset: {fileID: 0}
  m_GameObject: {fileID: 0}
  m_Enabled: 1
  m_EditorHideFlags: 0
  m_Script: {fileID: 11500000, guid: d687dbdf673d5ab4391e7faf19ac9f58, type: 3}
  m_Name: "O101 - V\xFDchod z maringotky-EP-0"
  m_EditorClassIdentifier: 
  uniqueId: "O101 - V\xFDchod z maringotky-EP-0"
  nameWithinDialog: EP-0
  parentGraph: {fileID: 11400000}
  inPort: {fileID: 0}
  outPorts:
  - {fileID: 114745667250936754}
  pointsTo: []
  position: {x: 0, y: 0}
  rect:
    serializedVersion: 2
    x: -509.64355
    y: 216.84998
    width: 180
    height: 100
  isDragged: 0
  isSelected: 0
  nodeNameRect:
    serializedVersion: 2
    x: 15
    y: 10
    width: 100
    height: 30
  corruptionReport: 
  note: 
--- !u!114 &114971783168728708
MonoBehaviour:
  m_ObjectHideFlags: 0
  m_CorrespondingSourceObject: {fileID: 0}
  m_PrefabInstance: {fileID: 0}
  m_PrefabAsset: {fileID: 0}
  m_GameObject: {fileID: 0}
  m_Enabled: 1
  m_EditorHideFlags: 0
  m_Script: {fileID: 11500000, guid: c83906d02ff79e44a87686bb3e9d622c, type: 3}
  m_Name: "O101 - V\xFDchod z maringotky-T-27 -- O101 - V\xFDchod z maringotky-C-11"
  m_EditorClassIdentifier: 
  inPort: {fileID: 114659465126191662}
  outPort: {fileID: 114070410580802538}
--- !u!114 &114972678368099116
MonoBehaviour:
  m_ObjectHideFlags: 0
  m_CorrespondingSourceObject: {fileID: 0}
  m_PrefabInstance: {fileID: 0}
  m_PrefabAsset: {fileID: 0}
  m_GameObject: {fileID: 0}
  m_Enabled: 1
  m_EditorHideFlags: 0
  m_Script: {fileID: 11500000, guid: 860fc58fc0d75da4397f3a83723aa0d9, type: 3}
  m_Name: "O101 - V\xFDchod z maringotky-C-9"
  m_EditorClassIdentifier: 
  uniqueId: "O101 - V\xFDchod z maringotky-C-9"
  nameWithinDialog: C-9
  parentGraph: {fileID: 11400000}
  inPort: {fileID: 114378758988978216}
  outPorts:
  - {fileID: 114231587823675158}
  - {fileID: 114323705275988090}
  pointsTo: []
  position: {x: 0, y: 0}
  rect:
    serializedVersion: 2
    x: 706.3483
    y: 274.1201
    width: 300
    height: 150
  isDragged: 0
  isSelected: 0
  nodeNameRect:
    serializedVersion: 2
    x: 15
    y: 10
    width: 180
    height: 30
  corruptionReport: 
  condition: {fileID: 114236839929480772}
--- !u!114 &114974415010616840
MonoBehaviour:
  m_ObjectHideFlags: 0
  m_CorrespondingSourceObject: {fileID: 0}
  m_PrefabInstance: {fileID: 0}
  m_PrefabAsset: {fileID: 0}
  m_GameObject: {fileID: 0}
  m_Enabled: 1
  m_EditorHideFlags: 0
  m_Script: {fileID: 11500000, guid: 20b5064632769b640943e81336d488d2, type: 3}
  m_Name: "O101 - V\xFDchod z maringotky-T-15-T"
  m_EditorClassIdentifier: 
  type: {fileID: 11400000, guid: 01f7d22a4dd12e84cbc9add28f397781, type: 2}
  variable: {fileID: 11400000, guid: 17fedb89b7e69ee458926a5a3b79c19e, type: 2}
  intParam: -1
  entryPoint: {fileID: 0}
  stringParam: 
  boolParam: 0
  character: {fileID: 0}
  floatParam: 0
  stringOptions: []
--- !u!114 &114982233238785548
MonoBehaviour:
  m_ObjectHideFlags: 0
  m_CorrespondingSourceObject: {fileID: 0}
  m_PrefabInstance: {fileID: 0}
  m_PrefabAsset: {fileID: 0}
  m_GameObject: {fileID: 0}
  m_Enabled: 1
  m_EditorHideFlags: 0
  m_Script: {fileID: 11500000, guid: c83906d02ff79e44a87686bb3e9d622c, type: 3}
  m_Name: "O101 - V\xFDchod z maringotky-C-25 -- O101 - V\xFDchod z maringotky-R-22"
  m_EditorClassIdentifier: 
  inPort: {fileID: 114862550822487942}
  outPort: {fileID: 114759346448563788}
--- !u!114 &114985324807583860
MonoBehaviour:
  m_ObjectHideFlags: 0
  m_CorrespondingSourceObject: {fileID: 0}
  m_PrefabInstance: {fileID: 0}
  m_PrefabAsset: {fileID: 0}
  m_GameObject: {fileID: 0}
  m_Enabled: 1
  m_EditorHideFlags: 0
  m_Script: {fileID: 11500000, guid: 92897b83d3ac44d4fb3722cc5d2189d2, type: 3}
  m_Name: "O101 - V\xFDchod z maringotky-T-15-inPort"
  m_EditorClassIdentifier: 
  Direction: 0
  attachedToNode: {fileID: 114350439297676508}
  centerInAbsolute: {x: 1398.0703, y: 123.099976}
  connections:
  - {fileID: 114215125723132632}
  buttonRectInRelative:
    serializedVersion: 2
    x: 0
    y: 25
    width: 12
    height: 12
--- !u!114 &114999176751042504
MonoBehaviour:
  m_ObjectHideFlags: 0
  m_CorrespondingSourceObject: {fileID: 0}
  m_PrefabInstance: {fileID: 0}
  m_PrefabAsset: {fileID: 0}
  m_GameObject: {fileID: 0}
  m_Enabled: 1
  m_EditorHideFlags: 0
  m_Script: {fileID: 11500000, guid: 92897b83d3ac44d4fb3722cc5d2189d2, type: 3}
  m_Name: "O101 - V\xFDchod z maringotky-T-31-outPort"
  m_EditorClassIdentifier: 
  Direction: 1
  attachedToNode: {fileID: 114142086102585202}
  centerInAbsolute: {x: 1694.3687, y: 1103.0002}
  connections: []
  buttonRectInRelative:
    serializedVersion: 2
    x: 288
    y: 25
    width: 12
    height: 12
